 Dungeon Crawl Stone Soup version 0.32-a0-471-gb91d5d9764 (webtiles) character file.

Game seed: 1443165426997283253

1855713 Leszczynek the Evocator (level 27, 206/225 (233) HPs)
             Began as a Coglin Wanderer on Feb 22, 2024.
             Was a High Priest of Okawaru.
             Escaped with the Orb
             ... and 3 runes
             ... and 1 gem (0 intact) on Feb 25, 2024!
             The game lasted 06:06:01 (64786 turns).

Leszczynek the Evocator (Coglin Wanderer)          Turns: 64786, Time: 06:06:02

HP:   206/225 (233) AC: 37    Str: 28    XL:     27
MP:   44/44         EV: 22    Int: 14    God:    Okawaru [*****.]
Gold: 6203          SH:  0    Dex: 21    Spells: 11/52 levels left

rFire   + . .        M - +8 broad axe (flame) {god gift, Jinae}
rCold   . . .        p - +7 broad axe (freeze) {Chidori}
rNeg    + . .        S - +4 shadow dragon scales
rPois   .            U - +3 crown of Dyrovepreva {rElec Int+2 SInv}
rElec   +            F - +2 cloak {Stlth+}
rCorr   .            O - +2 pair of gloves {Str+3}
SInv    +            n - +3 pair of boots "Ufuj" {Dex+3}
Will    +++++        L - amulet of the Four Winds {rN+ Will+++ Clar}
Stlth   ++           z - ring "Qeyve" {EV+5 Str+3}
HPRegen 0.57/turn    W - ring of protection from fire
MPRegen 0.29/turn

%: clarity
@: studying 3 skills, lightly drained
A: off-hand wielding, slow wielding, warmup strikes, no rings, antennae 1,
iridescent scales 1, high MP 1, screaming 1, MP-powered wands
0: Orb of Zot
}: 3/15 runes: decaying, silver, gossamer
a: Renounce Religion, Heroism, Finesse, Duel


You escaped.
You worshipped Okawaru.
Okawaru was extremely pleased with you.
You visited 10 branches of the dungeon, and saw 50 of its levels.
You also visited: Sewer, Gauntlet, Ice Cave and Desolation.

You collected 9202 gold pieces.
You spent 2999 gold pieces at shops.

Inventory:

Hand Weapons
 p - a +7 broad axe of freezing (offhand) {Chidori}
 q - the +7 broad axe of Jafum {antimagic, Str+3 Stlth+}
   (You found it in the Desolation of Salt)

   Str+3:     It affects your strength (+3).
   Stlth+:    It makes you more stealthy.
 M - a +8 broad axe of flaming (weapon) {god gift, Jinae}
Missiles
 i - 6 throwing nets
 o - 17 curare-tipped darts
 t - 36 boomerangs
 B - 26 silver javelins (quivered) {god gift}
 J - 31 javelins {god gift}
Armour
 n - the +3 pair of boots "Ufuj" (worn) {Dex+3}
   (You found it on level 3 of the Depths)

   Dex+3:     It affects your dexterity (+3).
 F - a +2 cloak of stealth (worn)
 N - the +0 helmet of Ycaumuon {god gift, rElec rC+ Will+ Stlth+}
   (Okawaru gifted it to you on level 2 of the Orcish Mines)

   rC+:       It protects you from cold.
   rElec:     It insulates you from electricity.
   Will+:     It increases your willpower.
   Stlth+:    It makes you more stealthy.
 O - a +2 pair of gloves of strength (worn)
 S - +4 shadow dragon scales (worn)
 U - the +3 crown of Dyrovepreva (worn) {rElec Int+2 SInv}
   (You found it on level 3 of the Crypt)

   Int+2:     It affects your intelligence (+2).
   rElec:     It insulates you from electricity.
   SInv:      It lets you see invisible.
Jewellery
 w - an amulet of regeneration
 z - the ring "Qeyve" (left grasper) {EV+5 Str+3}
   (You acquired it on level 14 of the Dungeon)

   [ring of evasion]

   EV+5:      It affects your evasion (+5).
   Str+3:     It affects your strength (+3).
 L - the amulet of the Four Winds (around neck) {rN+ Will+++ Clar}
   (You found it on level 3 of the Elven Halls)

   [amulet of nothing]

   rN+:       It protects you from negative energy.
   Will+++:   It greatly increases your willpower.
   Clar:      It protects you from confusion, rage, mesmerisation and fear.
 T - the amulet of Hepliaklqana's Reproof {Faith rPois Will+ SInv}
   (You took it off a vault warden on level 5 of the Vaults)

   [amulet of faith]

   Faith:     It allows you to gain divine favour quickly.
   rPois:     It protects you from poison Will+: It increases your willpower.
   SInv:      It lets you see invisible.
 W - a ring of protection from fire (right grasper)
Wands
 x - a wand of flame (95)
 D - a wand of polymorph (8)
 E - a wand of roots (33)
 I - a wand of paralysis (43)
 K - a wand of acid (39)
 Y - a wand of digging (18)
 Z - a wand of mindburst (23)
Scrolls
 d - 10 scrolls of teleportation
 e - 16 scrolls of fear
 g - 2 scrolls of blinking
 m - 9 scrolls of fog
 s - a scroll of brand weapon
 y - 6 scrolls of vulnerability {!r}
 R - 3 scrolls of revelation
Potions
 b - a potion of magic
 c - 11 potions of might
 f - 2 potions of heal wounds {@q2}
 h - 6 potions of haste
 j - 9 potions of curing {@q1}
 l - 5 potions of resistance
 r - 7 potions of brilliance
 v - 3 potions of cancellation
 A - 4 potions of ambrosia
 C - 6 potions of berserk rage {!q}
 G - 4 potions of invisibility
 Q - 9 potions of enlightenment
Miscellaneous
 k - a lightning rod (4/4)
 u - a condenser vane (inert)
 X - a phial of floods (inert)


   Skills:
 + Level 22.6 Fighting
 + Level 20.6 Axes
 + Level 15.9 Throwing
 - Level 12.0 Armour
 - Level 12.0 Dodging
 - Level 13.0 Spellcasting
 - Level 9.1 Hexes
 - Level 18.0 Translocations
 - Level 8.0 Air Magic
 - Level 8.0 Earth Magic
 - Level 11.0 Invocations
 + Level 23.7 Evocations


You had 11 spell levels left.
You knew the following spells:

 Your Spells              Type           Power      Damage    Failure   Level
a - Lesser Beckoning      Tloc           100%       N/A       1%          2
b - Dimensional Bullseye  Hex/Tloc       23%        N/A       1%          4
c - Vhi's Electric Charg  Tloc/Air       90%        N/A       1%          4
d - Passage of Golubria   Tloc           56%        N/A       1%          4
e - Passwall              Erth           31%        N/A       3%          3
f - Dispersal             Tloc           28%        N/A       2%          6
g - Disjunction           Tloc           28%        N/A       77%         8
x - Manifold Assault      Tloc           56%        N/A       1%          4
A - Apportation           Tloc           100%       N/A       1%          1
B - Blink                 Tloc           100%       N/A       1%          2
P - Swiftness             Air            31%        N/A       3%          3

Your spell library contained the following spells:

 Spells                   Type           Power      Damage    Failure   Level
 Sandblast                Erth           62%        2d14      1%          1
 Jinxbite                 Hex            68%        N/A       1%          2
 Momentum Strike          Conj/Tloc      68%        3d9       1%          2
 Gell's Gravitas          Tloc           56%        N/A       1%          3
 Teleport Other           Tloc           56%        N/A       1%          3
 Sigil of Binding         Hex            34%        N/A       2%          3
 Volatile Blastmotes      Fire/Tloc      68%        2d15      2%          3
 Shock                    Conj/Air       80%        1d8       6%          1
 Cause Fear               Hex            17%        N/A       7%          4
 Iskenderun's Mystic Bla  Conj/Tloc      34%        2d8       8%          4
 Mercury Vapours          Alch/Air       40%        N/A       9%          2
 Static Discharge         Conj/Air       40%        3-5/arc   9%          2
 Dazzling Flash           Conj/Hex       42%        N/A       14%         3
 Inner Flame              Hex/Fire       21%        N/A       14%         3
 Cigotuvi's Dreadful Rot  Necr/Alch/Air  32%        N/A       16%         2
 Stone Arrow              Conj/Erth      40%        3d9       17%         3
 Silence                  Hex/Air        16%        N/A       26%         5
 Foxfire                  Conj/Fire      36%        2x1d5     30%         1
 Magic Dart               Conj           36%        1d4       30%         1
 Necrotise                Necr           36%        1d5       30%         1
 Sting                    Conj/Alch      36%        1d5       30%         1
 Mephitic Cloud           Conj/Alch/Air  16%        N/A       30%         3
 Lee's Rapid Deconstruct  Erth           15%        3d10*     30%         5
 Searing Ray              Conj           18%        2d5       41%         2
 Sublimation of Blood     Necr           9%         N/A       41%         2
 Anguish                  Hex/Necr       10%        N/A       43%         4
 Brom's Barrelling Bould  Conj/Erth      20%        2d4       50%         4
 Leda's Liquefaction      Alch/Erth      10%        N/A       50%         4
 Petrify                  Alch/Erth      20%        N/A       50%         4
 Frozen Ramparts          Ice            18%        1d3       65%         3
 Hailstorm                Conj/Ice       9%         3d6       65%         3
 Ozocubu's Armour         Ice            9%         N/A       65%         3
 Vampiric Draining        Necr           9%         2d6       65%         3
 Metabolic Englaciation   Hex/Ice        10%        N/A       78%         5
 Yara's Violent Unravell  Hex/Alch       10%        3d6       78%         5
 Arcjolt                  Conj/Air       10%        1d20      85%         5
 Borgnjor's Vile Clutch   Necr/Erth      10%        N/A       85%         5
 Flame Wave               Conj/Fire      9%         2d6       96%         4
 Fulminant Prism          Conj/Alch      4%         3d5       96%         4
 Ignite Poison            Fire/Alch      9%         N/A       96%         4
 Olgreb's Toxic Radiance  Alch           9%         N/A       96%         4
 Sticky Flame             Fire/Alch      9%         2d5       96%         4
 Freezing Cloud           Conj/Ice/Air   8%         6-21      96%         5
 Enfeeble                 Hex            17%        N/A       99%         7
 Alistair's Intoxication  Alch           6%         N/A       100%        5
 Fireball                 Conj/Fire      4%         3d4       100%        5
 Irradiate                Conj/Alch      4%         3d13      100%        5
 Iskenderun's Battlesphe  Conj           9%         2d6       100%        5
 Bombard                  Conj/Erth      10%        9d2       100%        6
 Conjure Ball Lightning   Conj/Air       10%        3x3d6     100%        6
 Plasma Beam              Fire/Air       10%        2x1d21    100%        6
 Starburst                Conj/Fire      4%         6d4       100%        6
 Orb of Destruction       Conj           4%         9d5       100%        7
 Borgnjor's Revivificati  Necr           4%         N/A       100%        8
 Discord                  Hex            17%        N/A       100%        8
 Ignition                 Fire           4%         3d4       100%        8
 Lehudib's Crystal Spear  Conj/Erth      10%        10d4      100%        8
 Death's Door             Necr           4%         N/A       100%        9
 Fire Storm               Conj/Fire      4%         8d1       100%        9
 Shatter                  Erth           15%        3d15*     100%        9
 Tukima's Dance           Hex            Unusable   N/A       N/A         3
 Summon Small Mammal      Summ           Unusable   N/A       N/A         1
 Call Imp                 Summ           Unusable   N/A       N/A         2
 Animate Armour           Summ/Erth      Unusable   N/A       N/A         4
 Summon Lightning Spire   Summ/Air       Unusable   N/A       N/A         4
 Call Canine Familiar     Summ           Unusable   N/A       N/A         3
 Summon Ice Beast         Ice/Summ       Unusable   N/A       N/A         3
 Animate Dead             Necr           Unusable   N/A       N/A         4
 Summon Blazeheart Golem  Fire/Summ      Unusable   N/A       N/A         4
 Malign Gateway           Summ/Tloc      Unusable   N/A       N/A         7
 Death Channel            Necr           Unusable   N/A       N/A         6
 Sculpt Simulacrum        Ice/Alch       Unusable   N/A       N/A         6
 Haunt                    Necr/Summ      Unusable   N/A       N/A         7
 Spellforged Servitor     Conj/Summ      Unusable   N/A       N/A         7
 Dragon's Call            Summ           Unusable   N/A       N/A         9

Dungeon Overview and Level Annotations

Branches:
Dungeon (15/15)            Temple (0/1) D:4            Lair (5/5) D:10
  Swamp (4/4) Lair:3       Spider (4/4) Lair:3        Slime (0/5) Lair:5
    Orc (2/2) D:9             Elf (3/3) Orc:2        Vaults (5/5) D:14
  Crypt (3/3) Vaults:2       Tomb (0/3) Crypt:3      Depths (4/4) D:15
    Zot (5/5) Depths:4      Sewer (visited)           IceCv (visited)
Desolation (visited)      Gauntlet (visited)

Altars:
Ashenzari
Cheibriados
Fedhas
Kikubaaqudgha
Makhleb
Okawaru
Sif Muna
Vehumet
Wu Jian
Xom
Yredelemnul
Beogh

Shops:
D:4 =   D:14 *   Orc:2 :[:   Elf:2 (??(   Vaults:1 (   Vaults:3 *   Vaults:4 (

Portals:
Hell: Depths:1 Depths:2 Depths:3 Depths:4
Abyss: Depths:1
Ziggurat: Depths:1

Annotations:
Lair:5 exclusion: oklob plant
Spider:3 3 runed translucent doors, Alarak's ghost, adept DjFE; Befaczie's ghost, adept FoFi
Vaults:4 Frederick
Depths:3 1 runed translucent door, Gaexku's ghost, veteran DrSh


Innate Abilities, Weirdness & Mutations

You can wield a second weapon in your off-hand.
It takes a long time for you to wield or remove held weapons.
Your first few attacks do less damage.
Your grasper-arms cannot wear rings.
You have a pair of small antennae on your head.
You are partially covered in iridescent scales. (AC +2)
You have an increased reservoir of magic. (+10% MP)
You occasionally shout uncontrollably at your foes.
You expend magic power (3 MP) to strengthen your wands.


Message History

You completely miss the rakshasa with your +7 broad axe of freezing.
The rakshasa is severely wounded.
You slash the rakshasa with your +8 broad axe of flaming!
You burn the rakshasa.
You slice the rakshasa with your +7 broad axe of freezing!!
You freeze the rakshasa.
You kill the rakshasa!
Okawaru accepts your kill.
Casting: Vhi's Electric Charge (mildly dangerous; 1% risk of failure)
Confirm with . or Enter, or press ? or * to list all spells.
Aiming: Passwall (mildly dangerous; 2% risk of failure)
Press: ? - help, Dir - move target A rock wall.
This square is covered in magical glow.
You begin to meditate on the wall.
You continue meditating on the rock. x3
You finish merging with the rock.
You are confused.
You feel invigorated.
Unknown command.
You feel less invigorated.
You feel less confused.
Casting: Passwall (mildly dangerous; 2% risk of failure)
Confirm with . or Enter, or press ? or * to list all spells.
Okay, then.
You are confused.
You feel invigorated.
You feel less invigorated.
You feel less confused.
You climb upwards.
There is a stone staircase leading down here.
Okay, then.
There is a stone staircase leading up here.
You climb upwards.
There is a stone staircase leading down here.
You feel like a meek peon again.
You open the door.
There is an open door here.
Found a river rat skeleton.
There is a staircase leading out of the dungeon here.
You have escaped!

#.# #.....### #........#
#.#.......###############.###
#.#.####.##~~~~~~~~~## #.# #.#
#.#~~~☼~~~~~~~# #.# #.#
#.#~~#~○~~#~÷~# #.# ##.#
#.#~~~~~~~~~~~# #.# ...#
#.#~~~~~~~~~~÷# #.# ####.
#.################.# ####.
#..'....@....'...#.# ).##.
#.##############...# #.##.
#.#~~○~~~~~~~~####.# #.##.
##.#~○~~~~~~~~~####.#
#..#.###..#~~#~~○~#~~~#....######
##.#......#÷~~~~~~~~~~#.#........
...##.###.##~~~~~~~°~##.##.####.#
.....># #.#############.##.#.##.#
..##### #.#...# #.##.#....#


There were no monsters in sight!

Vanquished Creatures
  A pandemonium lord (D:6)
  3 dread liches
  10 orbs of fire (Zot:5)
  Mara (Vaults:5)
  4 ancient liches
  A juggernaut (Depths:4)
  Xtahua (Vaults:2)
  Boris (Elf:3)
  Bai Suzhen (Depths:2)
  5 Killer Klowns
  2 caustic shrikes
  Nikola (Arena)
  Jory (Vaults:4)
  the Enchantress (Depths:1)
  9 golden dragons
  A Tzitzimitl (D:3)
  A bone dragon (Vaults:2)
  A profane servitor (Crypt:3)
  A spectral shard shrike (Crypt:3)
  11 tentacled monstrosities
  2 electric golems (Zot:5)
  Asterion (Spider:1)
  28 Orb Guardians
  6 titans (Vaults:5)
  2 liches
  Jorgrun (Orc:1)
  The ghost of Suryr the Thaumaturge, an adept GnHW of Sif Muna (Swamp:4)
  2 deep elf blademasters (Elf:3)
  4 sphinxes
  3 quicksilver dragons
  3 deep elf master archers (Elf:3)
  5 shadow dragons
  2 thorn hunters
  3 ancient champions
  9 storm dragons
  4 tengu reavers
  Kirke (D:12)
  3 draconian monks
  Donald (Swamp:1)
  6 death cobs
  3 fenstrider witches (Swamp:4)
  Agnes (Spider:1)
  4 draconian knights
  2 revenants (Crypt:3)
  7 fire giants
  A demonspawn warmonger (Zot:3)
  4 protean progenitors
  6 draconian shifters
  5 emperor scorpions
  2 iron dragons
  7 deep elf sorcerers
  6 ghost moths
  6 frost giants
  4 draconian scorchers
  7 deep elf elementalists (Elf:3)
  The ghost of mrw0lf the Severer, a journeyman MiFi of Cheibriados (Lair:2)
  Louise (Elf:1)
  21 vault wardens
  2 imperial myrmidons (Desolation)
  A curse skull (Crypt:3)
  2 spectral juggernauts (Crypt:3)
  A spectral caustic shrike (Crypt:3)
  An orc warlord (Vaults:4)
  2 ghouls
  19 ironbound preservers
  2 reapers
  2 draconian stormcallers
  27 very ugly things
  A broodmother (Spider:1)
  4 draconian annihilators
  3 spriggan defenders (Depths:1)
  18 stone giants
  A formless jellyfish (Vaults:1)
  3 deep elf death magi (Elf:3)
  4 eleionomae
  6 deep elf demonologists
  7 vampire knights
  9 ironbound thunderhulks
  12 green draconians
  6 black draconians
  6 dire elephants
  10 bunyips
  10 yellow draconians
  A demonspawn black sun (Zot:3)
  8 white draconians
  2 halazid warlocks (Desolation)
  A minotaur (Gauntlet)
  5 red draconians
  3 war gargoyles
  7 purple draconians
  11 deep elf annihilators
  A green death (Swamp:4)
  11 ettins
  A blizzard demon (Depths:2)
  20 spark wasps
  4 shambling mangroves
  2 spectral quicksilver dragons (Crypt:3)
  2 pearl dragon zombies (Crypt:3)
  10 eidola
  2 merfolk impalers (Depths:4)
  Josephine (Lair:3)
  4 crystal guardians
  11 ragged hierophants (Desolation)
  5 entropy weavers
  13 jiangshi
  8 fire dragons
  6 deep elf high priests
  A spectral golden dragon (Crypt:3)
  3 spectral spriggans (Crypt:3)
  11 great orbs of eyes
  A quicksilver dragon skeleton (Crypt:1)
  36 vault guards
  12 yaktaur captains
  3 servants of whispers (Desolation)
  A spectral shadow dragon (Crypt:3)
  6 ogre magi
  2 spriggan zombies (Crypt:2)
  A hell beast (Swamp:4)
  14 hydras
  3 jorogumos
  Erolcha (Orc:2)
  8 ice dragons
  A sphinx zombie (Depths:2)
  14 peacekeepers
  12 alligators
  7 rakshasas
  2 radroaches
  3 death knights
  10 spriggan air magi
  12 centaur warriors
  4 ghost crabs
  15 ironbound frosthearts
  Erica (Orc:1)
  6 deep troll shamans
  4 satyrs
  5 two-headed ogres
  3 catoblepae (Lair:5)
  8 boulder beetles
  26 dancing weapons
  3 death yaks (Lair:5)
  A spectral human (Crypt:3)
  A sphinx skeleton (Depths:2)
  9 demonic crawlers
  12 hell hogs
  11 vampire magi
  13 deep troll earth magi
  A two-headed ogre (shapeshifter) (Vaults:5)
  5 spectral storm dragons (Crypt:3)
  A spectral stone giant (Crypt:3)
  8 tengu warriors
  4 spriggan berserkers
  A titan zombie (Depths:3)
  2 occultists
  17 hell knights
  4 soul eaters
  A spectral naga (Crypt:3)
  Nergalle (Orc:1)
  18 deep elf knights
  2 titan skeletons
  2 golden dragon zombies
  4 shadow wraiths
  7 goliath frogs
  4 skysharks
  A spectral bunyip (Crypt:3)
  3 death drakes
  3 sixfirhies (Swamp:4)
  19 skeletal warriors
  4 glowing orange brains
  6 pharaoh ants
  A spectral catoblepas (Lair:2)
  9 iron trolls
  A storm dragon skeleton (Crypt:1)
  7 flayed ghosts
  3 swamp dragons
  7 spriggan druids
  A spectral anaconda (Crypt:3)
  18 orb spiders
  A spectral hydra (Crypt:3)
  65 deep trolls
  An orange crystal statue (Elf:1)
  10 arcanists
  A jorogumo zombie (Crypt:2)
  3 bog bodies (Crypt:1)
  2 harpies (Vaults:1)
  6 deep elf archers
  22 phantasmal warriors
  6 steelbarb worms
  13 necromancers
  4 lindwurms
  4 golden dragon skeletons
  20 deep elf zephyrmancers
  A large abomination (D:15)
  64 ugly things
  27 deep elf pyromancers
  3 orc knights
  9 orc sorcerers
  30 wolf spiders
  26 ironbound convokers
  A frost giant zombie (Depths:2)
  A manticore (shapeshifter) (Vaults:5)
  4 manticores
  2 stone giant zombies
  3 iron dragon skeletons
  A worldbinder (Gauntlet)
  10 cyclopes
  Maurice (D:12)
  A spectral centaur (Crypt:3)
  2 will-o-the-wisps (Swamp:2)
  A cyclops (shapeshifter) (Vaults:5)
  2 centaur zombies
  4 apis skeletons (Crypt:3)
  18 vault sentinels
  5 meliai
  18 moths of wrath
  4 black mambas
  2 ice statues (IceCv)
  23 elephants
  An elephant (shapeshifter) (Depths:4)
  4 guardian serpents (Desolation)
  10 cane toads
  A black draconian zombie (Crypt:3)
  3 gargoyles
  A storm dragon simulacrum (Depths:2)
  An unseen horror (D:12)
  2 orange demons (Swamp:4)
  Maggie (Lair:1)
  6 torpor snails
  9 komodo dragons
  A naga skeleton (Crypt:2)
  2 centaur skeletons (D:15)
  A grey draconian zombie (Crypt:3)
  2 hellions
  3 rime drakes
  17 freezing wraiths
  A mana viper skeleton (Crypt:1)
  A red draconian skeleton (Crypt:2)
  42 yaktaurs
  A black draconian skeleton (Crypt:1)
  2 grey draconian skeletons (Crypt:3)
  10 tengu conjurers
  6 ice devils (IceCv)
  A purple draconian skeleton (Crypt:2)
  An efreet (D:15)
  3 spectral harpies (Crypt:3)
  2 anaconda simulacra
  A yaktaur skeleton (Vaults:3)
  A moth of wrath zombie (Crypt:1)
  8 trolls
  2 hellwings (Swamp:4)
  A tengu simulacrum (Depths:1)
  11 polar bears
  2 glass eyes
  4 raiju (Lair:5)
  3 tyrant leeches
  30 tarantellas
  5 blink frogs
  An ettin skeleton (Crypt:2)
  25 hornets
  65 saltlings (Desolation)
  A jumping spider (shapeshifter) (D:13)
  17 dream sheep
  2 spectral dream sheep (Lair:2)
  15 slime creatures
  An ettin zombie (Crypt:2)
  37 jumping spiders
  A snapping turtle (shapeshifter) (Depths:2)
  18 spriggans
  A shadow (D:13)
  A centaur simulacrum (Crypt:3)
  2 spriggan skeletons
  25 culicivoras
  2 air elementals
  14 wraiths
  45 yaks
  A vampire (D:12)
  4 dire elephant simulacra
  A hog (D:12)
  5 humans (D:12)
  2 black mamba skeletons
  5 wyverns
  A fire elemental (Elf:1)
  11 water elementals
  3 wind drake skeletons
  3 basilisks
  7 wargs
  10 vampire mosquitoes
  2 steam dragons
  Grum (D:10)
  70 redbacks
  A deep troll zombie (Crypt:1)
  Menkaure (D:7)
  A death yak simulacrum (IceCv)
  2 glowing shapeshifter zombies
  2 harpy simulacra (IceCv)
  18 swamp worms
  3 chaos spawn
  A swamp worm (shapeshifter) (Vaults:5)
  3 acid dragons
  6 hydra simulacra
  19 water moccasins
  Duvessa (D:7)
  13 hell hounds (Lair:5)
  10 orc warriors
  A meliai simulacrum (D:15)
  A boulder beetle simulacrum (Lair:2)
  A glowing shapeshifter skeleton (Depths:3)
  4 swamp drakes (Swamp:1)
  A fire bat skeleton (Crypt:1)
  11 black bears (Lair:5)
  A sky beast (D:5)
  20 laughing skulls
  14 ogres
  8 boggarts
  A torpor snail zombie (Crypt:2)
  23 wolves
  2 centaurs (D:8)
  2 kobold brigands
  12 bullfrogs
  A yaktaur zombie (Crypt:1)
  2 earth elementals (Elf:2)
  A glowing shapeshifter simulacrum (Vaults:3)
  An elf skeleton (Crypt:3)
  2 cane toad simulacra (Lair:2)
  5 wights (D:9)
  Dowan (D:7)
  19 killer bees
  An elephant simulacrum (IceCv)
  A dream sheep simulacrum (Lair:2)
  4 howler monkeys
  2 electric eels
  A bombardier beetle (D:5)
  A human zombie (Crypt:1)
  7 jellies
  9 orc priests
  Crazy Yiuf (D:5)
  3 hounds
  5 iguanas
  4 sleepcaps
  38 orc wizards
  A hell rat (Sewer)
  A spriggan simulacrum (IceCv)
  A brain worm zombie (Crypt:1)
  A deep dwarf skeleton (Crypt:3)
  8 gnolls
  7 adders
  5 river rats
  13 white imps
  A ribbon worm zombie (Crypt:3)
  2 ufetubi
  3 dart slugs
  2 ribbon worms
  42 orcs
  12 ball pythons
  7 endoplasms
  7 giant cockroaches
  8 goblins
  5 hobgoblins
  4 jackals (D:2)
  15 kobolds
  5 quokkas
  6 bats
  5 frilled lizards
  A jackal skeleton (Crypt:2)
  11 rats
  An aspiring flesh (Zot:5)
  2 spectral weapons
2472 creatures vanquished.

Vanquished Creatures (others)
  A storm dragon (Zot:3)
  An ogre mage (D:15)
  A deep elf archer (Elf:2)
  An orc sorcerer (Swamp:4)
  An efreet (D:15)
  3 bloated husks
  2 hornets (Swamp:3)
  A jumping spider (Spider:3)
  A culicivora (Spider:4)
  An orc wizard (Orc:2)
  3 foxfires (Swamp:2)
16 creatures vanquished.

Grand Total: 2488 creatures vanquished

Notes
Turn   | Place    | Note
-------+----------+-------------------------------------------
     0 | D:1      | Leszczynek the Coglin Wanderer began the quest for the Orb.
     0 | D:1      | Leszczynek set off with the following items: a +2 hand axe
                  | {Ning}, a +0 ring mail, a potion of might; and the
                  | following spell memorised: Sandblast; and the following
                  | spells available to memorise: Passwall.
     0 | D:1      | Reached XP level 1. HP: 15/15 MP: 2/2
     0 | D:1      | uh
     0 | D:1      | why does my +2 hand axe have an inscription
   152 | D:1      | Reached XP level 2. HP: 21/21 MP: 3/3
   180 | D:1      | man, it's REALLY fucking annoying to play these
   180 | D:1      | you have to wait after EVERY fight
   194 | D:1      | uh
   194 | D:1      | do i name these automatically?
   194 | D:1      | why
   383 | D:1      | Reached XP level 3. HP: 27/27 MP: 4/4
   526 | D:1      | You fall into a shaft and drop 1 floor!
   558 | D:2      | Reached skill level 2 in Fighting
   561 | D:2      | Reached skill level 4 in Axes
   738 | D:2      | Reached XP level 4. HP: 31/33 MP: 5/5
   832 | D:2      | Reached XP level 5. HP: 32/39 MP: 6/6
  1024 | D:2      | Reached skill level 5 in Axes
  1490 | D:2      | Reached skill level 3 in Fighting
  1900 | D:3      | Reached XP level 6. HP: 43/47 MP: 7/7
  2011 | D:3      | Found an iron altar of Okawaru.
  2018 | D:3      | i guess we're going the boring way
  2018 | D:3      | Became a worshipper of Warmaster Okawaru
  2020 | D:3      | maybe it's better this way, -2 in invo
  2385 | D:4      | Found a glowing drain.
  2403 | Sewer    | Entered a sewer
  2421 | Sewer    | Reached skill level 6 in Axes
  2527 | Sewer    | that's the whole thing?
  2657 | D:4      | Found a staircase to the Ecumenical Temple.
  2788 | D:4      | Found Dorotto's Jewellery Boutique.
  2819 | D:4      | so now, instead of training tmut/earth, you train
                  | shapeshifting huh
  2819 | D:4      | somehow it didn't even occur to me until now
  2833 | D:4      | i was sure you can only use talismans with UC
  2833 | D:4      | and it is true for most of them, but not the granite and
                  | death ones
  2939 | D:4      | Found a blossoming altar of Fedhas.
  2991 | D:5      | Entered Level 5 of the Dungeon
  3023 | D:5      | Reached skill level 4 in Fighting
  3028 | D:5      | Reached XP level 7. HP: 49/54 MP: 5/8
  3311 | D:5      | Found a runed translucent door.
  3312 | D:5      | Noticed Crazy Yiuf
  3315 | D:5      | >cache of fruit
  3315 | D:5      | what
  3463 | D:5      | Reached skill level 7 in Axes
  3556 | D:5      | Reached * piety under Okawaru
  3586 | D:5      | Reached skill level 5 in Fighting
  3586 | D:5      | Reached XP level 8. HP: 52/62 MP: 6/9
  3738 | D:6      | imagine if someone doesn't know the ctrl+direction command
                  | for swinging your weapon
  3738 | D:6      | now he's standing with an invisible next to him and all he
                  | says is
  3738 | D:6      | "You cannot move."
  3738 | D:6      | so if he doesn't know the command, he'll have to rest every
                  | second turn and get frustrated as fuck
  3738 | D:6      | actually
  3738 | D:6      | i wonder if you get -move if you attack an opponent you
                  | don't see
  3738 | D:6      | surely you do, right?
  3749 | D:6      | you do
  3751 | D:6      | Reached skill level 8 in Axes
  3845 | D:6      | orc warrior with a roots wand
  3845 | D:6      | wow
  3855 | D:6      | teleportation counts as an action for the sake of -move by
                  | the way
  3855 | D:6      | neat
  4410 | D:6      | Reached skill level 1 in Invocations
  4420 | D:6      | Reached skill level 2 in Invocations
  4637 | D:6      | Reached skill level 3 in Invocations
  4786 | D:7      | Noticed Duvessa
  4786 | D:7      | Noticed Dowan
  4811 | D:7      | Killed Duvessa
  4812 | D:7      | Reached XP level 9. HP: 65/69 MP: 7/11
  4820 | D:7      | Killed Dowan
  4821 | D:7      | Reached skill level 9 in Axes
  4843 | D:7      | Reached skill level 6 in Fighting
  5217 | D:7      | Reached skill level 4 in Invocations
  5249 | D:7      | Noticed Menkaure
  5261 | D:7      | Killed Menkaure
  5261 | D:7      | Reached ** piety under Okawaru
  5262 | D:7      | Reached skill level 2 in Dodging
  5354 | D:7      | Reached skill level 1 in Evocations
  5392 | D:7      | Found a basalt altar of Yredelemnul.
  5477 | D:7      | Reached skill level 2 in Evocations
  5675 | D:7      | Noticed a two-headed ogre
  5683 | D:7      | Killed a two-headed ogre
  5684 | D:7      | Reached skill level 3 in Dodging
  5684 | D:7      | Reached skill level 3 in Evocations
  5904 | D:5      | Killed Crazy Yiuf
  5905 | D:5      | Reached skill level 4 in Dodging
  5927 | D:5      | oh, that's how it works
  5927 | D:5      | when you step on a cache of fruit, there's chance you'll
                  | eat a fruit, which doesn't do anything except for printing
                  | a message
  5927 | D:5      | neat
  6066 | D:8      | Found a shimmering blue altar of Sif Muna.
  6180 | D:8      | shit
  6197 | D:8      | Reached skill level 7 in Fighting
  6197 | D:8      | Reached skill level 4 in Evocations
  6197 | D:8      | Reached XP level 10. HP: 65/79 MP: 8/13
  6422 | D:8      | Reached skill level 10 in Axes
  6422 | D:8      | Reached skill level 5 in Evocations
  6487 | D:8      | Reached *** piety under Okawaru
  6502 | D:8      | Noticed a two-headed ogre
  6511 | D:8      | Killed a two-headed ogre
  6756 | D:8      | Reached skill level 6 in Evocations
  6995 | D:8      | oh, climbing stairs is also a move
  6995 | D:8      | gotta remember that, forgetting might kill me somewhere
  7058 | D:9      | Noticed a cyclops
  7067 | D:9      | Killed a cyclops
  7068 | D:9      | Reached skill level 8 in Fighting
  7235 | D:9      | Reached skill level 7 in Evocations
  7514 | D:9      | Reached skill level 2 in Armour
  7745 | D:9      | Reached skill level 3 in Armour
  7792 | D:9      | Reached **** piety under Okawaru
  7804 | D:9      | Reached skill level 4 in Armour
  7881 | D:9      | Found a staircase to the Orcish Mines.
  7969 | D:10     | Entered Level 10 of the Dungeon
  7991 | D:10     | Reached XP level 11. HP: 87/87 MP: 14/14
  7993 | D:10     | Found a staircase to the Lair.
  8085 | D:10     | Found a burning altar of Makhleb.
  8086 | D:10     | Found a broken altar of Ashenzari.
  8088 | D:10     | Found an ornate altar of the Wu Jian Council.
  8165 | D:10     | Reached skill level 11 in Axes
  8165 | D:10     | Reached skill level 2 in Throwing
  8368 | D:10     | Reached ***** piety under Okawaru
  8369 | D:10     | Reached skill level 9 in Fighting
  8519 | D:10     | Noticed Grum
  8539 | D:10     | Killed Grum
  8540 | D:10     | Reached skill level 5 in Invocations
  8879 | D:11     | Reached skill level 6 in Invocations
  8922 | D:11     | Reached skill level 7 in Invocations
  9212 | Orc:1    | Entered Level 1 of the Orcish Mines
  9212 | Orc:1    | Noticed a two-headed ogre
  9220 | Orc:1    | Killed a two-headed ogre
  9250 | Orc:2    | Entered Level 2 of the Orcish Mines
  9267 | Orc:2    | Reached ****** piety under Okawaru
  9270 | Orc:2    | Reached XP level 12. HP: 78/95 MP: 13/17
  9299 | Orc:2    | Found a staircase to the Elven Halls.
  9354 | Orc:1    | Reached skill level 8 in Evocations
  9355 | Orc:1    | Noticed Jorgrun
  9363 | Orc:1    | Killed Jorgrun
  9486 | Orc:1    | Noticed an ettin
  9494 | Orc:1    | Killed an ettin
  9520 | Orc:1    | Acquired a +1 broad axe of flaming {god gift}
  9520 | Orc:1    | Received a gift from Okawaru
  9521 | Orc:1    | no randarts
  9521 | Orc:1    | but this is fine too
  9522 | Orc:1    | though i'd prefer a different brand
  9609 | Orc:2    | Noticed an ettin
  9624 | Orc:2    | HP: 19/97 [ettin/+0 dire flail (24)]
  9625 | Orc:2    | Killed an ettin
  9625 | Orc:2    | Received a gift from Okawaru
  9626 | Orc:2    | Reached skill level 9 in Evocations
  9626 | Orc:2    | oof
  9818 | Orc:1    | Noticed Erica
  9819 | Orc:1    | oof
  9824 | Orc:1    | Killed Erica
  9910 | Orc:1    | Reached skill level 10 in Fighting
  9918 | Orc:1    | Reached skill level 3 in Throwing
  9936 | Orc:1    | Noticed Nergalle
  9989 | Orc:1    | Killed Nergalle
  9990 | Orc:1    | Reached skill level 12 in Axes
 10342 | Orc:2    | right, I forgot about the armor
 10342 | Orc:2    | Acquired the +0 helmet of Ycaumuon {god gift, rElec rC+
                  | Will+ Stlth+}
 10342 | Orc:2    | Received a gift from Okawaru
 10343 | Orc:2    | i think i prefer this over a +3 chain mail
 10344 | Orc:2    | though i do lose 2 AC from this
 10368 | Orc:2    | Found Dudwagy's Book Emporium.
 10392 | Orc:2    | Found an ancient bone altar of Kikubaaqudgha.
 10400 | Orc:2    | Reached skill level 4 in Throwing
 10404 | Orc:2    | Noticed a soul eater
 10590 | Orc:2    | Received a gift from Okawaru
 10599 | Orc:2    | Found Umpaw's Distillery.
 10624 | Orc:2    | Noticed an ogre mage
 10646 | Orc:2    | Noticed Erolcha
 10647 | Orc:2    | Noticed an ogre mage
 10647 | Orc:2    | oof
 10667 | Orc:2    | Killed an ogre mage
 10680 | Orc:2    | Killed Erolcha
 10681 | Orc:2    | Reached XP level 13. HP: 105/105 MP: 18/18
 10699 | Orc:2    | Reached skill level 11 in Fighting
 10699 | Orc:2    | Reached skill level 5 in Throwing
 10714 | Orc:2    | Found a radiant altar of Vehumet.
 10741 | Orc:2    | Found a roughly hewn altar of Beogh.
 10741 | Orc:2    | Found Wicapt's Book Emporium.
 10771 | Orc:2    | Found Qala's Antique Armour Shoppe.
 10782 | Orc:2    | Bought a pair of runed gloves for 225 gold pieces
 10815 | Orc:2    | Bought a potion of mutation for 128 gold pieces
 10815 | Orc:2    | Bought 2 potions of enlightenment for 160 gold pieces
 10815 | Orc:2    | Bought a potion of haste for 160 gold pieces
 10815 | Orc:2    | Bought 2 potions of resistance for 320 gold pieces
 10815 | Orc:2    | Bought a potion of resistance for 160 gold pieces
 10815 | Orc:2    | Bought a potion of attraction for 48 gold pieces
 10815 | Orc:2    | Bought a potion of magic for 128 gold pieces
 11010 | D:4      | Bought a ring of poison resistance for 200 gold pieces
 11146 | Lair:1   | Entered Level 1 of the Lair of Beasts
 11200 | Lair:1   | Found an iron altar of Okawaru.
 11356 | Lair:1   | Received a gift from Okawaru
 11370 | Lair:1   | Reached skill level 13 in Axes
 11502 | Lair:1   | Reached skill level 6 in Throwing
 11505 | Lair:1   | Reached skill level 5 in Dodging
 11531 | Lair:1   | Found a frozen archway.
 11548 | IceCv    | Entered an ice cave
 11837 | IceCv    | Received a gift from Okawaru
 12171 | IceCv    | Noticed a reaper
 12178 | IceCv    | Killed a reaper
 12242 | Lair:1   | Upgraded the game from 0.32-a0-422-g28b100f618 to
                  | 0.32-a0-450-g080537f31e
 12451 | Lair:1   | Noticed Maggie
 12459 | Lair:1   | Killed Maggie
 12614 | Lair:2   | Reached skill level 6 in Dodging
 12667 | Lair:2   | Reached skill level 7 in Throwing
 12730 | Lair:2   | Found a runed translucent gate.
 12730 | Lair:2   | Found a runed translucent gate.
 12730 | Lair:2   | Found a runed translucent gate.
 12730 | Lair:2   | Noticed mrw0lf's ghost (journeyman MiFi)
 13270 | Lair:3   | Reached XP level 14. HP: 111/113 MP: 19/19
 13271 | Lair:3   | Received a gift from Okawaru
 13283 | Lair:3   | Reached skill level 14 in Axes
 13326 | Lair:3   | Found a staircase to the Swamp.
 13533 | Lair:3   | Reached skill level 7 in Dodging
 13640 | Lair:3   | Noticed Josephine
 13661 | Lair:3   | Killed Josephine
 13667 | Lair:3   | Reached skill level 8 in Throwing
 13725 | Lair:3   | Found a hole to the Spider Nest.
 14177 | Lair:4   | Received a gift from Okawaru
 14242 | Lair:4   | Reached skill level 8 in Dodging
 14614 | Lair:5   | Entered Level 5 of the Lair of Beasts
 14696 | Lair:5   | Reached skill level 15 in Axes
 14714 | Lair:5   | Received a gift from Okawaru
 15168 | Lair:5   | Found a staircase to the Slime Pits.
 15242 | Lair:5   | Reached skill level 5 in Armour
 15330 | Lair:5   | Reached XP level 15. HP: 103/119 MP: 20/20
 15387 | Lair:5   | Received a gift from Okawaru
 15612 | Lair:5   | Reached skill level 12 in Fighting
 15647 | Lair:5   | Reached skill level 6 in Armour
 16077 | Lair:5   | Reached skill level 16 in Axes
 16080 | Lair:5   | Received a gift from Okawaru
 16120 | Lair:5   | ohhhhhhhh
 16120 | Lair:5   | huh
 16120 | Lair:5   | that's a problem
 16120 | Lair:5   | can't move away from petrification clouds
 16635 | D:12     | Noticed Maurice
 16656 | D:12     | Killed Maurice
 16657 | D:12     | Noticed Kirke
 16668 | D:12     | Killed Kirke
 16669 | D:12     | Reached skill level 7 in Armour
 17591 | D:13     | Found a gate leading to a gauntlet.
 17638 | Gauntlet | Entered a Gauntlet
 17638 | Gauntlet | Found a transporter.
 17645 | Gauntlet | Found a transporter.
 17647 | Gauntlet | Found a transporter.
 17665 | Gauntlet | Found a transporter.
 17681 | Gauntlet | Found a transporter.
 17682 | Gauntlet | Found a transporter.
 17692 | Gauntlet | Found a transporter.
 17708 | Gauntlet | Found a transporter.
 17718 | Gauntlet | Found a transporter.
 17727 | Gauntlet | Found a transporter.
 17732 | Gauntlet | Found a transporter.
 17732 | Gauntlet | Found a transporter.
 17738 | Gauntlet | Found a transporter.
 17760 | Gauntlet | Found a transporter.
 17800 | Gauntlet | Found a runed translucent door.
 17910 | Gauntlet | Received a gift from Okawaru
 17925 | Gauntlet | Identified the ring of Mujuzo {rC+ rN+}
 17937 | Gauntlet | Identified the +4 ring mail of the Morning Star {Rampage
                  | rPois}
 17948 | Gauntlet | mehhhh
 18124 | D:13     | Reached skill level 10 in Evocations
 18447 | D:13     | Reached skill level 13 in Fighting
 18643 | D:13     | Reached XP level 16. HP: 128/130 MP: 21/21
 18714 | D:13     | Received a gift from Okawaru
 18996 | D:13     | Reached skill level 8 in Armour
 19014 | D:13     | Learned a level 1 spell: Apportation
 19150 | D:14     | Found a gate to the Vaults.
 19174 | D:14     | Reached skill level 11 in Evocations
 19238 | D:13     | lol
 19334 | D:14     | Identified the +8 shortbow of Qighookh {speed, rF+++ Str+4}
 19464 | D:14     | Reached skill level 8 in Invocations
 19530 | D:14     | Found Igrun's Assorted Antiques.
 19538 | D:14     | Bought a pink potion for 33 gold pieces
 19539 | D:14     | Identified 2 scrolls of acquirement
 19539 | D:14     | Acquired the ring "Qeyve" {EV+5 Str+3}
 19545 | D:14     | Acquired 876 gold pieces
 19549 | D:14     | Bought a pair of runed boots for 277 gold pieces
 19565 | D:14     | Bought a scroll of identify for 74 gold pieces
 19565 | D:14     | Bought a scroll of identify for 74 gold pieces
 19607 | D:14     | Received a gift from Okawaru
 19700 | D:14     | Reached skill level 17 in Axes
 20253 | D:14     | Received a gift from Okawaru
 20390 | D:14     | Reached skill level 9 in Invocations
 20785 | D:15     | Entered Level 15 of the Dungeon
 20858 | D:15     | Reached skill level 14 in Fighting
 21209 | D:15     | Reached XP level 17. HP: 107/139 MP: 19/24
 21222 | D:15     | Received a gift from Okawaru
 21223 | D:15     | Reached skill level 10 in Invocations
 21258 | D:15     | Found a staircase to the Depths.
 21538 | Swamp:1  | Entered Level 1 of the Swamp
 21539 | Swamp:1  | ooh yeahhhhh 23 AC 18 EV let's go
 21539 | Swamp:1  | oh and can't move after I stop attacking
 21539 | Swamp:1  | ecks dee
 21933 | Swamp:1  | Noticed Donald
 21948 | Swamp:1  | Killed Donald
 22033 | Swamp:1  | Noticed a tentacled monstrosity
 22045 | Swamp:1  | Killed a tentacled monstrosity
 22232 | Swamp:1  | HP: 28/140 [poison (dark miasma)]
 22237 | Swamp:1  | HP: 21/140 [poison (dark miasma)]
 22556 | Swamp:1  | Received a gift from Okawaru
 22787 | Swamp:2  | Reached skill level 18 in Axes
 22939 | Swamp:2  | Reached skill level 15 in Fighting
 23098 | Swamp:2  | Reached skill level 11 in Invocations
 23236 | Swamp:2  | Reached skill level 9 in Dodging
 23495 | Swamp:3  | Learned a level 2 spell: Lesser Beckoning
 23500 | Swamp:3  | Learned a level 4 spell: Passage of Golubria
 23524 | Swamp:3  | Received a gift from Okawaru
 23533 | Swamp:3  | Paralysed by a hornet for 3 turns
 23540 | Arena    | Entered the Arena
 23542 | Arena    | HP: 28/142 [alligator (18)]
 23572 | Swamp:3  | wait
 23572 | Swamp:3  | WHAT?
 23572 | Swamp:3  | it didn't trigger on teleport but only after i started
                  | resting?
 23572 | Swamp:3  | unless there was some natural swamp fog tampering with
                  | vision or something
 23572 | Swamp:3  | then I guess moving fog would reveal an additional tile or
                  | two
 24155 | Swamp:4  | Entered Level 4 of the Swamp
 24441 | Swamp:4  | Reached XP level 18. HP: 99/149 MP: 16/26
 24483 | Swamp:4  | Received a gift from Okawaru
 24505 | Swamp:4  | Reached skill level 12 in Evocations
 24920 | Swamp:4  | Reached skill level 9 in Armour
 25052 | Swamp:4  | Noticed Nikola
 25067 | Arena    | Entered the Arena
 25078 | Arena    | Killed Nikola
 25114 | Swamp:4  | Received a gift from Okawaru
 25307 | Swamp:4  | Got a decaying rune of Zot
 25399 | Swamp:4  | Found a runed translucent door.
 25406 | Swamp:4  | Gained mutation: You are frail. (-10% HP) [a neqoxec]
 25412 | Swamp:4  | Lost mutation: You are frail. (-10% HP) [potion of
                  | mutation]
 25412 | Swamp:4  | Gained mutation: Your body sometimes deteriorates upon
                  | taking damage. [potion of mutation]
 25412 | Swamp:4  | Gained mutation: You have a somewhat thin skeletal
                  | structure. (Dex +2, Stealth+) [potion of mutation]
 25413 | Swamp:4  | Lost mutation: You have a somewhat thin skeletal structure.
                  | (Dex +2, Stealth+) [potion of mutation]
 25413 | Swamp:4  | Lost mutation: Your body sometimes deteriorates upon taking
                  | damage. [potion of mutation]
 25413 | Swamp:4  | Gained mutation: You are covered in fur. (AC +1) [potion of
                  | mutation]
 25450 | Swamp:4  | Noticed Suryr's ghost (adept GnHW)
 25521 | Swamp:4  | Killed Suryr's ghost
 25522 | Swamp:4  | Reached skill level 10 in Dodging
 26020 | Spider:1 | Entered Level 1 of the Spider Nest
 26146 | Spider:1 | Noticed Agnes
 26152 | Spider:1 | Killed Agnes
 26240 | Spider:1 | Reached skill level 13 in Evocations
 26261 | Spider:1 | i REALLY need an rcorr ring
 26300 | Spider:1 | or do i
 26300 | Spider:1 | hmm
 26404 | Spider:1 | Noticed Asterion
 26423 | Spider:1 | Killed Asterion
 26536 | Spider:1 | Reached skill level 16 in Fighting
 27199 | Spider:2 | Reached skill level 10 in Armour
 27292 | Spider:2 | Received a gift from Okawaru
 27322 | Spider:2 | Reached skill level 14 in Evocations
 27334 | Spider:2 | Reached skill level 1 in Translocations
 27503 | Spider:2 | Reached XP level 19. HP: 159/159 MP: 16/27
 27613 | Spider:2 | Reached skill level 2 in Translocations
 28295 | Spider:3 | Reached skill level 3 in Translocations
 28443 | Spider:3 | Received a gift from Okawaru
 28951 | Spider:3 | Reached skill level 4 in Translocations
 28976 | Spider:3 | Found a runed translucent gate.
 28976 | Spider:3 | Found a runed translucent gate.
 28976 | Spider:3 | Found a runed translucent gate.
 28979 | Spider:3 | Noticed Alarak's ghost (adept DjFE)
 28980 | Spider:3 | Noticed Befaczie's ghost (adept FoFi)
 28982 | Spider:3 | Received a gift from Okawaru
 29027 | Spider:3 | Reached skill level 9 in Throwing
 29151 | Spider:3 | Reached skill level 15 in Evocations
 29494 | Spider:4 | Entered Level 4 of the Spider Nest
 29838 | Spider:4 | Reached skill level 17 in Fighting
 29872 | Spider:4 | Reached skill level 5 in Translocations
 30006 | Spider:4 | Received a gift from Okawaru
 30593 | Spider:4 | Received a gift from Okawaru
 31053 | Spider:4 | Got a gossamer rune of Zot
 31054 | Spider:4 | forgot the rune lol
 31118 | Spider:3 | Reached skill level 6 in Translocations
 31356 | Lair:2   | Killed mrw0lf's ghost
 31446 | D:10     | Upgraded the game from 0.32-a0-450-g080537f31e to
                  | 0.32-a0-468-g38b2580584
 31452 | D:10     | okay
 31452 | D:10     | apparently I can't wear rings now
 31452 | D:10     | but I also don't have the xl 13 rF+ rC+ I was supposed to
                  | get as a recompensation
 31452 | D:10     | so I suppose I'm just leaving my two rings I have on me and
                  | fuck it
 31452 | D:10     | it will feel quite bad if I ever forget to never try taking
                  | them off
 31536 | Vaults:1 | Entered Level 1 of the Vaults
 31537 | Vaults:1 | but I can move after an attack now, right?
 31538 | Vaults:1 | right
 31538 | Vaults:1 | okay
 31538 | Vaults:1 | i'll just finish like this, screw it
 31538 | Vaults:1 | not my fault they decided to screw up ongoing saves
 31659 | Vaults:1 | Reached skill level 16 in Evocations
 31659 | Vaults:1 | Reached XP level 20. HP: 168/168 MP: 28/28
 31665 | Vaults:1 | Reached skill level 10 in Throwing
 31720 | Vaults:1 | Found a crumbling gateway.
 31728 | Desolati | Entered the Desolation of Salt
 31944 | Desolati | Identified the ring "Sethro Zuna" {rPois rF+ Will+ Int-3}
 31974 | Desolati | Identified the +7 broad axe of Jafum {antimagic, Str+3
                  | Stlth+}
 32002 | Desolati | Identified the +6 trident "Blob" {flame, rF- rC+ Int+3}
 32053 | Desolati | Found the +2 hat of the Bear Spirit {Spirit, Bear, *Rage
                  | Will++}
 32077 | Desolati | Received a gift from Okawaru
 32259 | Desolati | Reached skill level 7 in Translocations
 32279 | Desolati | Found the +3 robe of Clouds {*Thunder rCloud rElec}
 32383 | Desolati | Identified the ring "Riuqitt" {Fly EV+5 Str+3}
 32400 | Desolati | Got Val Ceo's Notes on Conjury and Maleficia
 32411 | Desolati | Identified the ring "Vanuequ" {Fire *Corrode Str+5 Dex+3
                  | Slay-5}
 32435 | Desolati | Received a gift from Okawaru
 32642 | Desolati | Identified the +2 longbow of the Mouth {drain, rPois Will+}
 32746 | Vaults:1 | Reached skill level 17 in Evocations
 32843 | Vaults:1 | Reached skill level 8 in Translocations
 32856 | Vaults:1 | Received a gift from Okawaru
 32857 | Vaults:1 | Reached skill level 11 in Throwing
 32862 | Vaults:1 | Reached skill level 18 in Fighting
 33089 | Vaults:1 | Found Pijel's Weapon Shoppe.
 33175 | Vaults:1 | wait, sack of spiders is in the game?
 33175 | Vaults:1 | wasn't it removed?
 33186 | Vaults:1 | beem's down, can't ask
 33778 | Vaults:1 | Reached XP level 21. HP: 147/177 MP: 24/29
 33859 | Vaults:2 | Received a gift from Okawaru
 33947 | Vaults:2 | Reached skill level 9 in Translocations
 34103 | Vaults:2 | Noticed Xtahua
 34114 | Vaults:2 | Killed Xtahua
 34115 | Vaults:2 | Reached skill level 18 in Evocations
 34659 | Vaults:2 | Received a gift from Okawaru
 34857 | Vaults:2 | Found a staircase to the Crypt.
 34878 | Vaults:2 | Reached skill level 12 in Throwing
 35093 | Vaults:2 | Reached skill level 10 in Translocations
 35114 | Vaults:2 | Noticed a bone dragon
 35129 | Vaults:2 | Killed a bone dragon
 35361 | Vaults:3 | Received a gift from Okawaru
 35531 | Vaults:3 | Found Xazxenn's General Store.
 35536 | Vaults:3 | Bought a scroll of fog for 64 gold pieces
 35536 | Vaults:3 | Bought a potion of might for 64 gold pieces
 35536 | Vaults:3 | Bought 4 boomerangs for 128 gold pieces
 35639 | Vaults:3 | Reached skill level 19 in Fighting
 35667 | Vaults:3 | Reached skill level 19 in Evocations
 35766 | Vaults:3 | Identified the +1 leather armour "Xoihural" {rN+ Will-
                  | Dex+5}
 35781 | Vaults:3 | Upgraded the game from 0.32-a0-468-g38b2580584 to
                  | 0.32-a0-471-gb91d5d9764
 36426 | Vaults:3 | Reached skill level 11 in Translocations
 36951 | Vaults:4 | Reached XP level 22. HP: 183/188 MP: 28/30
 36967 | Vaults:4 | Received a gift from Okawaru
 37317 | Vaults:4 | Noticed Jory
 37359 | Vaults:4 | Killed Jory
 37492 | Vaults:4 | HP: 28/188 [yaktaur/bolt[a vault warden] (18)]
 37494 | Vaults:4 | Reached skill level 2 in Spellcasting
 37494 | Vaults:4 | HP: 2/188 [yaktaur/bolt[a vault warden] (27)]
 37496 | Vaults:4 | >19 ev
 37496 | Vaults:4 | uh huh
 37496 | Vaults:4 | sure
 37499 | Vaults:4 | 19 ev btw
 37499 | Vaults:4 | everything hits
 37499 | Vaults:4 | because i'm low hp
 37499 | Vaults:4 | otherwise they'd all miss
 37615 | Vaults:4 | Learned a level 4 spell: Manifold Assault
 37620 | Vaults:4 | Learned a level 4 spell: Vhi's Electric Charge
 37624 | Vaults:4 | Learned a level 3 spell: Passwall
 38223 | Vaults:4 | Found Upuytemu's Weapon Boutique.
 38256 | Vaults:4 | Identified the +3 ring mail of the Morning {Rampage Regen+
                  | rCorr}
 38504 | Vaults:4 | oh
 38504 | Vaults:4 | manifold assault hits with both weapons
 38504 | Vaults:4 | that's actually pretty damn good
 38639 | Vaults:4 | Received a gift from Okawaru
 38640 | Vaults:4 | Reached skill level 20 in Evocations
 38652 | Vaults:4 | Reached skill level 3 in Spellcasting
 38839 | Vaults:4 | Identified the orb of Lalohets {*channel, Stlth+}
 38839 | Vaults:4 | Noticed Frederick
 39158 | Elf:1    | Entered Level 1 of the Elven Halls
 39341 | Elf:1    | Identified the ring of Lahar {^Drain rElec rC+ Int+2 Dex+4}
 39460 | Elf:1    | Noticed Louise
 39471 | Elf:1    | Killed Louise
 39546 | Elf:1    | Found a radiant altar of Vehumet.
 39554 | Elf:1    | Reached skill level 1 in Air Magic
 40131 | Elf:2    | Found Dush's Weapon Emporium.
 40135 | Elf:2    | Found a transporter.
 40135 | Elf:2    | Found Amevvaj's Antique Weapon Shoppe.
 40176 | Elf:2    | Found a transporter.
 40207 | Elf:2    | Reached skill level 2 in Air Magic
 40252 | Elf:2    | Found Pauz's Magic Scroll Emporium.
 40264 | Elf:2    | Identified the ring "Xiotyv" {rPois rC+ Int+3 Dex+3}
 40274 | Elf:2    | Bought a scroll of teleportation for 63 gold pieces
 40665 | Elf:2    | Found Syar's Magic Scroll Shop.
 40673 | Elf:2    | Bought a scroll of teleportation for 51 gold pieces
 40673 | Elf:2    | Bought a scroll of fear for 68 gold pieces
 40673 | Elf:2    | Bought a scroll of enchant armour for 127 gold pieces
 40673 | Elf:2    | Bought a scroll of teleportation for 51 gold pieces
 40673 | Elf:2    | Bought a scroll of teleportation for 51 gold pieces
 40820 | Elf:2    | Found a huge runed translucent gate.
 40820 | Elf:2    | Found a huge runed translucent gate.
 40820 | Elf:2    | Found a huge runed translucent gate.
 40823 | Elf:2    | Found a huge runed translucent gate.
 40823 | Elf:2    | Found a huge runed translucent gate.
 40844 | Elf:2    | Reached skill level 4 in Spellcasting
 40883 | Elf:2    | Received a gift from Okawaru
 41114 | Elf:2    | Reached skill level 3 in Air Magic
 41395 | Elf:2    | Reached skill level 20 in Fighting
 41530 | Elf:3    | Entered Level 3 of the Elven Halls
 41831 | Elf:3    | Identified the +2 robe "Utuylol" {rC+ Stlth+}
 41831 | Elf:3    | Noticed Boris
 41843 | Elf:3    | Killed Boris
 42038 | Elf:3    | Received a gift from Okawaru
 42318 | Elf:3    | Reached XP level 23. HP: 183/196 MP: 10/31
 42482 | Elf:3    | Reached skill level 11 in Dodging
 42498 | Elf:3    | Reached skill level 11 in Armour
 42498 | Elf:3    | Reached skill level 4 in Air Magic
 42521 | Elf:3    | Reached skill level 5 in Spellcasting
 42563 | Elf:3    | Identified the +3 whip of the Stopping Gods {flame, rC+
                  | Int+3}
 42715 | Elf:3    | Identified the +0 morningstar of Cuomiliss {heavy, Stlth+}
 42738 | Elf:3    | Reached skill level 19 in Axes
 42738 | Elf:3    | Reached skill level 5 in Air Magic
 42762 | Elf:3    | Received a gift from Okawaru
 43036 | Elf:3    | Got the Papyrus of Searing Thunder
 43049 | Elf:3    | Identified the +8 orcbow of the Thirteen Orbs {elec, rN+
                  | SInv}
 43051 | Elf:3    | Got the Writings on Nocuous Anemomancy
 43052 | Elf:3    | Identified the +12 orcbow of Youthful Indiscretion
                  | {antimagic, rF++ rC+}
 43053 | Elf:3    | wew
 43072 | Elf:3    | Found the amulet of the Four Winds {rN+ Will+++ Clar}
 43082 | Elf:3    | Identified the staff of the Imperium {rPois rF+ rC+ Tloc
                  | Alchemy}
 43095 | Elf:3    | oh
 43095 | Elf:3    | okay, taking this one
 43112 | Elf:3    | Identified the +6 rapier of Terra Cotta {flame, +Blink
                  | rPois rN+}
 43113 | Elf:3    | Identified the +10 dagger of the Onslaught {speed, rC+
                  | Int+2}
 43488 | Depths:1 | Entered Level 1 of the Depths
 43596 | Depths:1 | Found a one-way gate to the infinite horrors of the Abyss.
 44059 | Depths:1 | Found a one-way gateway to a ziggurat.
 44126 | Depths:1 | Reached skill level 6 in Air Magic
 44255 | Depths:1 | Noticed the Enchantress
 44256 | Depths:1 | uhh
 44264 | Depths:1 | Reached skill level 13 in Throwing
 44266 | Depths:1 | >You blink.
 44266 | Depths:1 | why?
 44266 | Depths:1 | distortion applies effect without doing damage?
 44266 | Depths:1 | wow, fair
 44268 | Depths:1 | Killed the Enchantress
 44273 | Depths:1 | Received a gift from Okawaru
 44414 | Depths:1 | Found a gateway to Hell.
 44740 | Depths:1 | Got the Incunabulum of the Venomous Fairies
 44749 | Depths:1 | Found a shimmering blue altar of Sif Muna.
 44786 | Depths:1 | Noticed a dread lich
 44786 | Depths:1 | Noticed an ancient lich
 44798 | Depths:1 | Killed a dread lich
 44802 | Depths:1 | Killed an ancient lich
 44803 | Depths:1 | Reached skill level 7 in Air Magic
 44813 | Depths:1 | Got Xiolac's Grimoire of Hexed Unhallowed Rites
 44826 | Depths:1 | Got the Tome of Tephra
 44828 | Depths:1 | Got Fimopp's Volume of the Wind
 44864 | Depths:1 | ow
 45144 | Depths:1 | Got Paajelim's Discursus on Hyletic Shades
 45319 | Depths:1 | Received a gift from Okawaru
 45768 | Depths:1 | Noticed a caustic shrike
 46057 | Depths:1 | Identified the +0 scale mail of Kiuh {Fly}
 46070 | Depths:1 | Got the Folio of the Door
 46088 | Depths:1 | Killed a caustic shrike
 46128 | Depths:2 | Noticed Bai Suzhen
 46143 | Depths:2 | Killed Bai Suzhen
 46144 | Depths:2 | Reached XP level 24. HP: 167/204 MP: 30/31
 46148 | Depths:2 | of course you didn't leave your armor
 46560 | Depths:2 | Reached skill level 2 in Earth Magic
 46731 | Depths:2 | Reached skill level 8 in Air Magic
 46942 | Depths:2 | Reached skill level 20 in Axes
 47147 | Depths:2 | Received a gift from Okawaru
 47152 | Depths:2 | Reached skill level 14 in Throwing
 47337 | Depths:2 | Reached skill level 3 in Earth Magic
 47663 | Depths:3 | Noticed a caustic shrike
 47673 | Depths:3 | Killed a caustic shrike
 48030 | Depths:3 | Reached skill level 4 in Earth Magic
 48280 | Depths:3 | 3 storm dragons, no armor
 48280 | Depths:3 | yay
 48425 | Depths:3 | Received a gift from Okawaru
 48642 | Depths:3 | Identified the amulet "Dumn" {Spirit rF++ rC- Will+ rCorr}
 48752 | Depths:3 | Identified the +3 pair of boots "Ufuj" {Dex+3}
 48754 | Depths:3 | better than flying
 48789 | Depths:3 | Found a snail-covered altar of Cheibriados.
 48816 | Depths:3 | Reached skill level 5 in Earth Magic
 48880 | Depths:3 | Found a runed translucent door.
 48880 | Depths:3 | Found the +12 glaive of Prune {freeze, Prune}
 48881 | Depths:3 | Found a shimmering altar of Xom.
 48885 | Depths:3 | Noticed Gaexku's ghost (veteran DrSh)
 49023 | Depths:4 | Entered Level 4 of the Depths
 49045 | Depths:4 | Noticed a juggernaut
 49056 | Depths:4 | Killed a juggernaut
 49322 | Depths:4 | Gained mutation: You occasionally shout uncontrollably at
                  | your foes. [a shining eye]
 49478 | Depths:4 | Received a gift from Okawaru
 49750 | Depths:4 | Reached skill level 12 in Translocations
 49781 | Depths:4 | Reached skill level 6 in Earth Magic
 49967 | Depths:4 | Reached XP level 25. HP: 193/213 MP: 15/31
 50235 | Depths:4 | Reached skill level 21 in Evocations
 50348 | Depths:4 | Reached skill level 15 in Throwing
 50702 | Depths:4 | Found a gate to the Realm of Zot.
 50712 | Depths:4 | Received a gift from Okawaru
 50713 | Depths:4 | Reached skill level 21 in Fighting
 51027 | Vaults:5 | Entered Level 5 of the Vaults
 51076 | Vaults:5 | hm, shadow dragon scales are an option too
 51076 | Vaults:5 | but it's not a useful resistances
 51076 | Vaults:5 | still better than a chain mail
 51429 | Vaults:5 | Identified the +2 ice dragon scales "Feock" {rF- rC++ Will+
                  | Dex+2}
 51430 | Vaults:5 | oh what the fuuuuck
 51433 | Vaults:5 | Identified the +9 lajatang "Newtbane" {holy, *Noise
                  | ^Fragile rN++ Str+9}
 51486 | Vaults:5 | huh
 51486 | Vaults:5 | nice weapon
 51545 | Vaults:5 | Noticed Mara
 51558 | Vaults:5 | Killed Mara
 51624 | Vaults:5 | Identified the +10 tower shield of Zatoarus {-Tele rPois
                  | rF- rCorr}
 51628 | Vaults:5 | +10 tower shield? wew
 51630 | Vaults:5 | oh look it has rpois
 51630 | Vaults:5 | and a few tiny disadvantages
 51666 | Vaults:5 | Received a gift from Okawaru
 51692 | Vaults:5 | Reached skill level 7 in Earth Magic
 51762 | Vaults:5 | Reached skill level 6 in Spellcasting
 51798 | Vaults:5 | Learned a level 4 spell: Dimensional Bullseye
 52017 | Vaults:5 | Reached skill level 1 in Hexes
 52056 | Vaults:5 | Identified the +0 scale mail of Hobisaon {-Tele +Inv Dex+4}
 52185 | Vaults:5 | Reached skill level 2 in Hexes
 52185 | Vaults:5 | Reached skill level 13 in Translocations
 52200 | Vaults:5 | oh there IS polymorph in the game
 52200 | Vaults:5 | i just didn't find even one of it until now
 52200 | Vaults:5 | lmao wtf
 52229 | Vaults:5 | Received a gift from Okawaru
 52244 | Vaults:5 | Learned a level 2 spell: Blink
 52297 | Vaults:5 | Identified the amulet of Hepliaklqana's Reproof {Faith
                  | rPois Will+ SInv}
 52326 | Vaults:5 | Reached skill level 3 in Hexes
 52723 | Vaults:5 | Identified the +4 orcbow of Accidental Termination {elec,
                  | ^Contam rN+ Will++ Int+2}
 52904 | Vaults:5 | Reached skill level 4 in Hexes
 52904 | Vaults:5 | that's a lot of titans
 52907 | Vaults:5 | Noticed a dread lich
 52917 | Vaults:5 | Killed a dread lich
 53008 | Vaults:5 | Got a silver rune of Zot
 53095 | Vaults:5 | Received a gift from Okawaru
 53197 | Vaults:5 | Noticed a dread lich
 53215 | Vaults:5 | Killed a dread lich
 53216 | Vaults:5 | Reached XP level 26. HP: 196/219 MP: 31/32
 53266 | Vaults:5 | Reached skill level 5 in Hexes
 53269 | Vaults:5 | Reached skill level 12 in Dodging
 53334 | Vaults:5 | oh look rPois
 53334 | Vaults:5 | pfft
 53517 | Vaults:5 | Noticed an ancient lich
 53527 | Vaults:5 | Killed an ancient lich
 53528 | Vaults:5 | Reached skill level 22 in Evocations
 53767 | Crypt:1  | Entered Level 1 of the Crypt
 53872 | Crypt:1  | Reached skill level 6 in Hexes
 54493 | Crypt:2  | Received a gift from Okawaru
 54746 | Crypt:2  | Reached skill level 7 in Hexes
 55212 | Crypt:3  | Entered Level 3 of the Crypt
 55247 | Crypt:3  | Found a staircase to the Tomb.
 55304 | Crypt:3  | Received a gift from Okawaru
 55325 | Crypt:3  | Reached skill level 14 in Translocations
 55562 | Crypt:3  | Reached skill level 8 in Hexes
 55587 | Crypt:3  | Found the +3 crown of Dyrovepreva {rElec Int+2 SInv}
 55591 | Crypt:3  | Got an ivory gem with 87 turns to spare
 55629 | Crypt:3  | HP: 26/220 [ancient champion/iron shot (34)]
 55684 | Crypt:3  | Lost the ivory gem through the power of Zot.
 55916 | Crypt:3  | Identified the +7 shortbow "Izaukyfi" {flame, ^Contam rF+
                  | Stlth+}
 56116 | Crypt:3  | Received a gift from Okawaru
 56140 | Crypt:3  | Identified the ring of Compassion {rElec rN+ Will- Dex+4
                  | Slay+3}
 56140 | Crypt:3  | Identified the ring "Suimn" {rPois rF+ rN+}
 56140 | Crypt:3  | Identified the ring of Woramn {rN++ Slay+4}
 56190 | Crypt:3  | Reached skill level 22 in Fighting
 56550 | Crypt:3  | Reached skill level 12 in Armour
 56550 | Crypt:3  | Reached skill level 9 in Hexes
 56850 | Crypt:3  | Found a basalt altar of Yredelemnul.
 57310 | D:14     | Bought a potion of enlightenment for 185 gold pieces
 57728 | Orc:2    | Bought a potion of enlightenment for 80 gold pieces
 57728 | Orc:2    | Bought a potion of enlightenment for 80 gold pieces
 58734 | Zot:1    | Entered Level 1 of the Realm of Zot
 58746 | Zot:1    | Reached XP level 27. HP: 203/231 MP: 16/32
 59175 | Zot:2    | Reached skill level 23 in Evocations
 59305 | Zot:3    | the fuck is this vault
 59323 | Zot:3    | Received a gift from Okawaru
 59339 | Zot:3    | HP: 43/228 [shadow dragon/bolt of negative energy (7)]
 59340 | Zot:3    | HP: 20/228 [poisoned by a green draconian (poison gas)]
 59345 | Zot:2    | HP: 14/228 [poisoned by a green draconian (poison gas)]
 60795 | Zot:5    | Entered Level 5 of the Realm of Zot
 60797 | Zot:5    | Noticed an ancient lich
 60798 | Zot:5    | oh uh
 60798 | Zot:5    | hi
 60798 | Zot:5    | nice teleport trap
 60864 | Zot:5    | Reached skill level 15 in Translocations
 60864 | Zot:5    | Reached skill level 8 in Earth Magic
 60876 | Zot:5    | Learned a level 6 spell: Dispersal
 60923 | Zot:5    | Received a gift from Okawaru
 61604 | Zot:5    | Reached skill level 7 in Spellcasting
 61684 | Zot:5    | Noticed an orb of fire
 61691 | Zot:5    | Gained mutation: Armour fits poorly on your strangely
                  | shaped body. [an orb of fire]
 61693 | Zot:5    | Killed an orb of fire
 61696 | Zot:5    | Noticed an orb of fire
 61710 | Zot:5    | Killed an orb of fire
 61710 | Zot:5    | Noticed an ancient lich
 61998 | Zot:4    | Reached skill level 8 in Spellcasting
 62206 | Zot:5    | Noticed an orb of fire
 62211 | Zot:5    | Gained mutation: You are somewhat resistant to further
                  | mutation. [an orb of fire]
 62220 | Zot:5    | Killed an orb of fire
 62220 | Zot:5    | Received a gift from Okawaru
 62245 | Zot:5    | Killed an ancient lich
 62246 | Zot:5    | Reached skill level 16 in Translocations
 62284 | Zot:5    | Reached skill level 9 in Spellcasting
 62292 | Zot:5    | Killed an ancient lich
 62304 | Zot:5    | Noticed an orb of fire
 62305 | Zot:5    | Noticed an orb of fire
 62323 | Zot:5    | Killed an orb of fire
 62330 | Zot:5    | Killed an orb of fire
 62335 | Zot:5    | Noticed an orb of fire
 62337 | Zot:5    | Reached skill level 10 in Spellcasting
 62364 | Zot:5    | Reached skill level 11 in Spellcasting
 62365 | Zot:5    | Noticed an orb of fire
 62367 | Zot:5    | Received a gift from Okawaru
 62367 | Zot:5    | Noticed an orb of fire
 62370 | Zot:5    | Noticed an orb of fire
 62372 | Zot:5    | Killed an orb of fire
 62373 | Zot:5    | Reached skill level 17 in Translocations
 62376 | Zot:5    | Noticed an orb of fire
 62399 | Zot:5    | a tiny bit too many
 62684 | Zot:4    | 10
 62684 | Zot:4    | yeah, a bit too many
 62684 | Zot:4    | i tried to be funny
 62717 | Zot:5    | Killed an orb of fire
 62719 | Zot:5    | Killed an orb of fire
 62731 | Zot:5    | Reached skill level 12 in Spellcasting
 62933 | Zot:5    | Gained mutation: You are frail. (-10% HP) [an orb of fire]
 62937 | Zot:5    | Killed an orb of fire
 63310 | Zot:5    | Learned a level 8 spell: Disjunction
 63314 | Zot:5    | Learned a level 3 spell: Swiftness
 63346 | Zot:5    | ok so that should be 9 out of 10 orbs dead
 63587 | Zot:5    | Received a gift from Okawaru
 63871 | Zot:5    | Killed an orb of fire
 64102 | Zot:5    | Lost mutation: You are frail. (-10% HP) [potion of
                  | mutation]
 64102 | Zot:5    | Lost mutation: You are somewhat resistant to further
                  | mutation. [potion of mutation]
 64102 | Zot:5    | Lost mutation: You are covered in fur. (AC +1) [potion of
                  | mutation]
 64102 | Zot:5    | Gained mutation: Your body sometimes deteriorates upon
                  | taking damage. [potion of mutation]
 64102 | Zot:5    | Gained mutation: You expend magic power (3 MP) to
                  | strengthen your wands. [potion of mutation]
 64102 | Zot:5    | Gained mutation: Your magical capacity is low. (-10% MP)
                  | [potion of mutation]
 64102 | Zot:5    | Gained mutation: You are somewhat resistant to further
                  | mutation. [potion of mutation]
 64103 | Zot:5    | Lost mutation: You are somewhat resistant to further
                  | mutation. [potion of mutation]
 64103 | Zot:5    | Lost mutation: Your magical capacity is low. (-10% MP)
                  | [potion of mutation]
 64103 | Zot:5    | Lost mutation: Your body sometimes deteriorates upon taking
                  | damage. [potion of mutation]
 64103 | Zot:5    | Gained mutation: You occasionally lose the ability to drink
                  | potions when taking damage. [potion of mutation]
 64103 | Zot:5    | Gained mutation: You have a somewhat thin skeletal
                  | structure. (Dex +2, Stealth+) [potion of mutation]
 64103 | Zot:5    | Gained mutation: You sometimes lose your temper in combat.
                  | [potion of mutation]
 64104 | Zot:5    | Lost mutation: You have a somewhat thin skeletal structure.
                  | (Dex +2, Stealth+) [potion of mutation]
 64104 | Zot:5    | Lost mutation: Armour fits poorly on your strangely shaped
                  | body. [potion of mutation]
 64104 | Zot:5    | Lost mutation: You sometimes lose your temper in combat.
                  | [potion of mutation]
 64104 | Zot:5    | Gained mutation: You frequently scream uncontrollably at
                  | your foes. [potion of mutation]
 64104 | Zot:5    | Gained mutation: You have a pair of small antennae on your
                  | head. [potion of mutation]
 64105 | Zot:5    | Lost mutation: You occasionally lose the ability to drink
                  | potions when taking damage. [potion of mutation]
 64105 | Zot:5    | Lost mutation: You expend magic power (3 MP) to strengthen
                  | your wands. [potion of mutation]
 64105 | Zot:5    | Gained mutation: You are robust. (+10% HP) [potion of
                  | mutation]
 64105 | Zot:5    | Gained mutation: You occasionally lose the ability to read
                  | scrolls when taking damage. [potion of mutation]
 64106 | Zot:5    | Lost mutation: You frequently scream uncontrollably at your
                  | foes. [potion of mutation]
 64106 | Zot:5    | Lost mutation: You occasionally lose the ability to read
                  | scrolls when taking damage. [potion of mutation]
 64106 | Zot:5    | Gained mutation: You occasionally lose the ability to read
                  | scrolls when taking damage. [potion of mutation]
 64106 | Zot:5    | Gained mutation: You have an increased reservoir of magic.
                  | (+10% MP) [potion of mutation]
 64107 | Zot:5    | Lost mutation: You occasionally lose the ability to read
                  | scrolls when taking damage. [potion of mutation]
 64107 | Zot:5    | Lost mutation: You are robust. (+10% HP) [potion of
                  | mutation]
 64107 | Zot:5    | Lost mutation: You occasionally shout uncontrollably at
                  | your foes. [potion of mutation]
 64107 | Zot:5    | Gained mutation: You occasionally shout uncontrollably at
                  | your foes. [potion of mutation]
 64107 | Zot:5    | Gained mutation: You are partially covered in iridescent
                  | scales. (AC +2) [potion of mutation]
 64107 | Zot:5    | Gained mutation: You expend magic power (3 MP) to
                  | strengthen your wands. [potion of mutation]
 64113 | Zot:5    | no rC
 64113 | Zot:5    | oh boy
 64124 | Zot:5    | Got the Orb of Zot
 64264 | Zot:3    | Reached skill level 13 in Spellcasting
 64264 | Zot:3    | Reached skill level 18 in Translocations
 64381 | Depths:1 | Noticed Sits the pandemonium lord
 64630 | D:6      | Noticed Elahisowos the pandemonium lord
 64643 | D:6      | Killed Elahisowos the pandemonium lord
 64786 | D:$      | Escaped with the Orb!

Illustrated notes # # #~ ~# #~~ ~~# #~~~ ~~÷# ########### +....@....+ ########### #~~☼ ~~~# #~§ ~~# #○ ~# # # Turn 0 on D:1: uh #.# #.# #.# #.# #.# #######.#### ..........>#### ##.@....... #...######## #...#.#......# #.###.#.####.# #. #.#.####.# # #.#..†.#.# #.####.#.# #........# ##############.### Turn 180 on D:1: man, it's REALLY fucking annoying to play these #.# #.# ########.#### ...........>#### ######.......... ###...######## #...#.#......# ##.###.#.####.# #.@# #.#.####.# #.## #.#..†.#.# ... #.####.#.# ...## #........# ###############.### ~~~~~~~○~## #.# # ~~○~~~~~~~# #.# #~ #~○~~#~÷~# #.# #~~~~~~~~~~~# #.# Turn 194 on D:1: uh ..##......# #.# #.# ..##......###.# #.# ..)...........# #.# ..##......##### #.# ..##......# #.# ..##......##########.# .....................# ..##.......###.#.#)#.# >.######.#.# #..@....# ### #.#.# #.#.#.### .#.# #.....# ####.## ..# .## #. Turn 2018 on D:3: i guess we're going the boring way ..##......###.# #.# ..)...........# #.# ..##......##### #.# ..##......# #.# ..##......##########.# .....................# ..##.......###.#.#)#.# >.######.#.# #.._....# ### #.#.# #.#@#.### .#.# #.....# ####.## ..# .## #. #### Turn 2020 on D:3: maybe it's better this way, -2 in invo ##### ###..~### #~~~~~~~# ##~.~..~~## #~~~###~~.# ##..## ##..## #.~. #.~.# #.~# ##.~# #.~# #@~# #∩∩# +..# #..# #†~# #..## ##..# #~.~# #~..# ##††## ##~~## #.~~###..~# ##~..~~~~## #~.~~~.~# Turn 2527 on Sewer: that's the whole thing? .# #.......>.......... .# ########.###....###.. .##..##..##.###....###+# ..<..#......#%..........# .....+......#...........# .....#......#...........+ .....#....).'...........# .....#......#...........# #....##..)..####@####.### # #####.....##....# .# # +......#......# # #......#......# # #......#......+ #######..##.##..#### ##...##..##.#### .........# .. .........# ... Turn 2819 on D:4: so now, instead of training tmut/earth, you train shapeshifting huh ....##..)..####'####.### #####.....##....###.## +......#......#...# #......#......#...# #......#......'...# ######..##.##..####.### #...##..##.########.###..# ........#.........(.†.....# ........#.......@.........# ........#...[....)........# .......)#.................# ##..##..####...####.####.## ##..##..####... #.# +# ...........#... ... ...........#.. ... ....##....#### ..# ##..##....## Turn 2833 on D:4: i was sure you can only use talismans with UC ######### ........# #####.### #.###### ### #.#...P## ###..)# #.......####@+g..# ###...P..#..##..÷# ##..P.#.### ### ######## Turn 3315 on D:5: >cache of fruit #...$.. #.....# #..o..# .....# ....# #..# #.# #.# ###@## #####.)..# #.........# #.......#.<# ......#.#### ##....#.. ######## Turn 3738 on D:6: imagine if someone doesn't know the ctrl+direction command for swinging your weapon #.....# #.....# .....# .o..# #..# #.# #.# ###o## #####@{..# #.........# #.......#.<# ......#.#### ##....#.. ######## Turn 3749 on D:6: you do ### ... ##### .... #...# ).o..######...########## .y..#....#...##...(...# ..o'....h<...'...>...# #..o@######.......# #....# #.......# #....# #.......# #########....# #.......# #......).....### ####'###### #..............# #....... #..............# #.#####. #..............# #.# #.........###### #.# Turn 3845 on D:6: orc warrior with a roots wand #.....### #.....# #.....# #.....# ###..## #.## #.# ###.## #####.@..# #.........# #.......#.<# ......#.#### ##....#.. ######## Turn 3855 on D:6: teleportation counts as an action for the sake of -move by the way #.####......# #.# #...........# #.# ############# ###)###### ....# #........# #.### ###.####.# #.###### ##### #.# #.# #.#...P## ###..)# ##.# #.# #.......####.)...# #..# #.# ###...P..#..##..@# #.## #.# ##..P.#.######## ##.# #.# ######## #..# #.# #.## #.# ##### ##†# #.# #...# ###.## #.# ####...# ##...# #.# #......###..### #.# ##### #.####.##..## #.# Turn 5927 on D:5: oh, that's how it works ..## #. #. ########) ####........ #.....#####. #.....# #. ########.....# #. #.@.........## ## #.########### #D #. #. .. ## Turn 6180 on D:8: shit ####.# #.....######## ### #....# #............# #.. #.#### # #............####.. #.#..#.# #............'..... #.#..#.# #............####.. #......# ####'#......>...#.. ###....# #.#####......### ###.##...# ######.#####......# ....###### #...@o............# ..<.......# #.#####......###### ...######.# #.# #......# ## ...##### #.# ######## ####. .......# # #.# #.... .......##.# #.# #.... .......'..# #.# ########.... .......######.# #........... ######...<..#.# #.########## Turn 6995 on D:8: oh, climbing stairs is also a move .. ### #... #.# .#... ###.### ....# ##...#.# ....## #......###...... #...#..#....# ##...##..@..# .## #...###....#####... #....##......#...# ####....#........... ###.###.......##....# #..######....###...### ###....###.)..####.....# .#..#...##..#..........#### ....##..#...##.....###....# Turn 9521 on Orc:1: no randarts .. ### #... #.# .#... ###.### ....# ##...#.# ....## #......###...... #...#..#....# ##...##..@..# .## #...###....#####... #....##......#...# ####....#........... ###.###.......##....# #..######....###...### ###....###.)..####.....# .#..#...##..#..........#### ....##..#...##.....###....# Turn 9522 on Orc:1: though i'd prefer a different brand ≈≈≈...###.............# ≈≈≈.....#.#.#.......#.## ≈≈≈#....................##. ...............)........... ...............)........... ................).......... ......#........#............ ..#.......>.)..............# ...........@................ .......................<.... ............................ ............................ ............................ .#....................#..... ..#......#..........#....... #........#............[.... ##..#...#..............)... Turn 9626 on Orc:2: oof ## ##.## #..@# #....x.# ...........# .......##..# ##...## #... ...#. .#.# ## ...# ### .## .# ..## Turn 9819 on Orc:1: oof ≈§..§ ##. ≈###############≈.O§§ ## #.. ≈≈§≈≈≈≈≈≈≈≈≈§§§§§.§§§ #.###. ..§§.......§§§§§§.§≈§≈≈ #...#. ....§..........§...≈§≈≈ #..... #......ß..)...# ..≈≈ ###... .#)....#..≈#§§.ß≈ #..... #≈...§#.)≈#≈..# ##..... #§...§#.@§#§..# #...... ##≈...§##..#..### ##...... #≈≈...≈≈#.....#≈###....... # ###≈§.).≈≈###ß###≈≈≈≈##.###. §≈###§§≈≈.).≈≈≈§###§§≈§§...###.. ≈≈≈≈§##§...≈##§≈≈§≈≈§≈.....#.#. ≈≈≈≈≈##§...≈##§§≈§§#........... ####≈≈.§...≈≈#................ ##.........#................ Turn 10342 on Orc:2: right, I forgot about the armor ≈§..§ ##. ≈###############≈.O§§ ## #.. ≈≈§≈≈≈≈≈≈≈≈§≈§≈≈≈.§§§ #.###. ..§§.......§.§§...§≈§≈≈ #...#. ....§......§.......≈§≈≈ #..... #......ß..)...# ..≈≈ ###... .#)....#..≈#§§.ß≈ #..... #≈...§#.)≈#≈..# ##..... #§...§#.@§#§..# #...... ##≈...§##..#..### ##...... #≈≈...≈≈#.....#≈###....... # ###≈§.).≈≈###ß###≈≈≈≈##.###. §≈###§§≈≈.).≈≈≈§###§§≈§§...###.. ≈≈≈≈§##§...≈##§≈≈§≈≈§≈.....#.#. ≈≈≈≈≈##§...≈##§§≈§§#........... ####≈≈.§...≈≈#................ ##.........#................ Turn 10343 on Orc:2: i think i prefer this over a +3 chain mail ≈§..§ ##. ≈###############≈.O§§ ## #.. ≈≈§≈≈≈≈≈§≈≈≈≈§≈≈§.§§§ #.###. ..§§.....§...§§...§≈§≈≈ #...#. ....§..............≈§≈≈ #..... #......ß..)...# ..≈≈ ###... .#)....#..≈#§§.ß≈ #..... #≈...§#.)≈#≈..# ##..... #§...§#.@§#§..# #...... ##≈...§##..#..### ##...... #≈≈...≈≈#.....#≈###....... # ###≈§.).≈≈###ß###≈≈≈≈##.###. §≈###§§≈≈.).≈≈≈§###§§≈§§...###.. ≈≈≈≈§##§...≈##§≈≈§≈≈§≈.....#.#. ≈≈≈≈≈##§...≈##§§≈§§#........... ####≈≈.§...≈≈#................ ##.........#................ Turn 10344 on Orc:2: though i do lose 2 AC from this #### ##≈≈≈## .. ##§§...## O.. ##≈###ß..## .... #≈≈#_.....###'''# #§.#............. #≈.ß...........O. ##.........≈§≈≈≈≈ ###))))..@.≈#### #≈#)#)###...# #≈.))..##≈...... .. #§..ß..##≈....... ..ߧ ##§....§##≈.ß..∩.. §§.§ #≈§≈§..≈###############≈... #≈≈§≈..≈≈≈≈≈§≈≈≈≈≈≈§§§≈≈..≈ #≈§≈§.....................≈ #≈≈≈≈.....................§ Turn 10647 on Orc:2: oof

...# #.#....##*,,,*,*,,**#.†...
...######...###...,,,,,,,,*##....
P..†.##P#.†.# ##..,,,*,,,,,*#....
.##.........###...,,**,,,,,*#....
###..........##..#*###,,,,,*#÷÷..
* #.#<.......#.......#,,,,,*#÷÷..
###.......##...#Y..#***,**#.<..
#........##...Y.Y.####** ##...
#.P....P..##.@#####..### #... **
##......P.##P.....#....####...
,#####...P..####...#.......##.÷÷.
.#........P.# #...........###....
............# ##....#......###...
P...###.....## ###.P#.###..###...
...## ##.....# #.##...#...##÷..
....####.#...# ###(...#..P#.÷..
#......###...# ####...#...##†<.


Turn 16120 on Lair:5: ohhhhhhhh .≈≈# .≈## .###.♣. ##### ..##...##...#
P..#.♣.##.#.# P♣.#......#.# .P.#.©.##.#.####+## ...#...##...##..⌠.#
...#.©.##.#.##∩.@.# ∩..#......#.'....⌠+ ...#.©.##.#.##.⌠..# ...#...##...###+###
...#.©.##.#.# P♣.#......#.# P..#.♣.##.#.# ..##...##...# .###.♣.# #### Turn 17948
on Gauntlet: mehhhh .....# #..........# .....# #..........# .....# #..........#
.....### ######.....# .).....# #.....# .###.#.# #.....# ##..##.# #.....#
....##.# ######.....# .##.##.# #......@...# .##.##.# #..........# ....##.#
#..........# .##.##.# #..........# .##.##.# #..........# ....##.###..........#
##..##..............# ######.........###### #.####.........# Turn 19238 on D:13:
lol ♣ ♣~♣♣ ♣~.~♣ ♣.~.♣♣ ♣..@♣ ♣♣♣♣♣ Turn 21539 on Swamp:1: ooh yeahhhhh 23 AC 18
EV let's go ♣~...$†####.##... ♣..♣ ♣~.§.y#...#..#... ..♣ ♣..♣..#......÷..♣
...~w...####.##..♣ ..~..?. ..# .#..♣ ~...... ... #..♣ .§.~... .. #..♣ ~~~~~..
'.###.#..♣♣ .......@~.♣ .......~..♣ ........(~♣ ...~....§.♣ ..~.~♣..~~~
....~§♣...♣. ~.~. ..~.~... ~.~..♣♣~.♣♣~.♣ Turn 23572 on Swamp:3: wait #..~~#
#(.# #..)~# #..# #..~~# #..# #.~~.###.## #~~..##..# #~~~.##.## #~~.##.# ##~~#.>#
##@°(## ##†(# #^## #..## #..# .... ....B ..... .... Turn 26261 on Spider:1: i
REALLY need an rcorr ring #..~~###.## #..~~# #(.# #..)~# #..# #..~~# #..#
#.~~.###.## #~~..##..# #~~~.##.## #~~.##.# ##~@#.># ##~†.## ##††# #^## #..##
#..# .... ..... ..... Turn 26300 on Spider:1: or do i ~~#~^..~..~..~~~###
~~~^..##~.##......###### #~...###..##^.#~..~#~~~##### ~..~##
#~..#####...~~~~~~..# ~...#####..#####~....##~...# ..~###..#''#..###~~..~####.#
.~## #..[##...# ###~^~### ## ~#####........######..~~## ~#..##[.......'.@#
#....~## ~~~.#################~~..~# ~~~.############ #..~~~~.~###
#.^###~~~~##~~~###...###~^~~## ####~~..^.~....~.##.## ##...~#
###..~#......~^..## ###~..~# ##~..~##...^~##^.^#####~...†##
#~[.~####~..~##~..~##~....~## ^~..~# ##~...~##...~..~~### Turn 31054 on
Spider:4: forgot the rune lol ### ###..[......#...# #.# ..#
##.P.......#.#.>.######.# #.#####.......P..P......#......
###.##..P......P.P...#....#.###.# .##.##>#..P.P........##..........
.##.##.........♣................. .....÷÷.................).#..#..#
....##.....P..>.......#####..#..# #######♣.P...P..@.....#..........
#..............P#.####....# ##.............## #.#..# #.............# #.....
##..P........## ####.# ##P....P..P## #.# #.......#.# #.# #.##.##...# #.#
#.##....#.## #.# Turn 31452 on D:10: okay #### ##..# #..@# #G..## #...# #...#
..#.# .$.# ... ## Turn 31537 on Vaults:1: but I can move after an attack now,
right? #### ##..# #..@# #G..## #...# #...# ..#.# .$.# ... ## Turn 31538 on
Vaults:1: right #......'...#...#........# #......#...#...#........#
#......#######+####'##### #......# #....#..#....# #......# #....#..#....#
#......# #....#..#....# #......# #....#..#....# #......# #####....##### #......#
#....@.[.....# #...[..# #............# ######)## #####....##### .......#
..#..#.. .......# ...#..#.... !......# ....#..#$... .......# ....#..#....
.......# ### ### ##.....# Turn 33175 on Vaults:1: wait, sack of spiders is in
the game? ....# #....#..#....# ....# #....#..#....# ....# #####....##### ....#
#....}.[.....# .[..# #............# ##)## #####....##### ...# #....#..#....#
...# #....#..#....# ...# #....#..#@...# ...# #....#..#....# ...# ##############
...# ...# #### ...# ##..## ...# #....## ...# #.....## ...# ##..#..## Turn 33186
on Vaults:1: beem's down, can't ask ...............).)>(......#
...............##÷.......## ..........)....##........#
...............###.>..<.## p..............# #......# ...............# ##....##
...............# #....# ...c...........# ##'##### ####.......@...# #......#
##..[.).....# #......# ##..$......# #......# #..$.)....# #......# ##.....)..#
#......# #........# #......# #........# #......# #........# #......# #........#
#......# Turn 37496 on Vaults:4: >19 ev ...............).)>(......#
...............##÷.......## ..........)....##........#
...............###.>..<.## p..............# #......# ...............# ##....##
....c......§.§.# #....# ..........§§§..# ##'##### ####.....§§§@§.# #......#
##..[.)§§§§§# #......# ##..$§.§§§§# #......# #..$.)....# #......# ##.....)..#
#......# #........# #......# #........# #......# #........# #......# #........#
#......# Turn 37499 on Vaults:4: 19 ev btw .#.....#.......#..# #.......
.#######.......#..# #....... .......#.......#..# #....... .......#.......#..#
....... .......#.......#..# .......#.......#..# .......#########..#
..................###### ................@....... ........................
........................ ########'############### Turn 38504 on Vaults:4: oh
..## ##....... ...###......# ....#......### ..........##.## .........##...##
#.......##)..).## ##...).##....).)## ##..)##).)..))..## .('#.#))....:.!?@.#
################### Turn 43053 on Elf:3: wew ......# ##..........#..... ......#
##..........# ... ......# ##..........## ##... ......# #.....#......###....
......# #.....###......#..... ....### #.....##)##........... ....#
#.....##..)##.........# ##### ##..!##..).|##.......## ##.##@/[/[..##...).##.
###$$:)$[...##..)##). #))$:!$$.[.('#.#)).. #################### Turn 43095 on
Elf:3: oh ............)........# .....................# ...........††........#
.............######### .!.........†.#......# . .......###'###......##..
.......#.....#.......... ~......#.....#......T..T .......#.....'..@....T.i
.......#....##......##ii .......#....######### .......#..... ..[....##+###
......... .......... .......... ......... Turn 44256 on Depths:1: uhh
.................)........# ..........................#
#...............††........# ..................#########
..~...!.........†.#......# . .~≈~........###'###......##..
~≈≈≈~.......#.....#...§...... ≈≈∩≈≈~......#.....#.§y§i..)..
~≈≈≈~.......#...@.'i§iTi.)ii. .~≈~........#....##..T§..##..
..~.........#....######### ............#..... .......[....##+#### ..#...........
. #............ #+#............ ..÷........... Turn 44266 on Depths:1: >You
blink. ....## .. .#..# #..# ....# .?#..#..# .#.. ...## ... .... ... ####
#..#..#..# ..#..#..#..#..# ⌠...........i⌠# ##''## ##### #≈).≈# .##.. # #≈@[≈#
.##.##.# #######''#### ####### .##....# #≈≈≈≈≈≈~~≈≈≈# #≈≈≈≈≈#
'##'######≈##.....##≈# #...|.# .........#≈#...⌠...#≈# ###'###
#..####..#≈..⌠...⌠..≈# #.....# .........#≈.........≈###..#..#
#..####..'~.⌠.._..⌠.~†.).#⌠#.# ..)......#≈.........≈###..#..# Turn 44864 on
Depths:1: ow #.# ##.### ###....# ......# .....# .... ###'# +.'@# ###'# #<'.#
#'#'# #.#.# #'#'# #.#~# ##### Turn 46148 on Depths:2: of course you didn't leave
your armor ....#......#..... .........?.#..... <.................
.^#........$...... #..#....$........ #............... #..........# ##..#..÷[[..#
......)<[@..# ......).÷...# ........$...# ##........[.# ................
.##...........## #...........# #......##...... ...#..# #..#.... Turn 48280 on
Depths:3: 3 storm dragons, no armor )#"...............###.#
.#....!^##...........## .#......##.........##.### .#................[##...#
.#....#....#...........# ...........#.........### ...##......#...##....#### ...#
.... #............# ..... #.#..@.##.#.## .#... ###...[..#..#.# .....
.........<...#.. ... .....##..#....# .. ..... #......## ........†..##...
...#......## ### . #......# #......# Turn 48754 on Depths:3: better than flying
############# #...........## #..####.####..# ## ##.......##.#.. #..(.)?)..#.#.
#.?.|.).(.#.. #...|.?@..#.# ##...).).##.# ..####.####..# #)..........##
############# #.#....# ##.#....# #..#....# Turn 51076 on Vaults:5: hm, shadow
dragon scales are an option too #$/4# #)=[!| #..3.e. ##.Cp.... ##........
##......p.. ##.......... #.C.@.....T. ............... .############## Turn 51430
on Vaults:5: oh what the fuuuuck ###################### #.................)...
#..).....)........)... #....################# #....................$
#..#..##.###.###.###.# #..#)###.# #.# #.# #.# #. #.###.###.###.# #.# #.
#$@............ ... # #.###..############ #.# #.##....)......
#.###.#..####)####. #.....#)##.......## #.###.#.#..(.)?)..# #.# #...#.?.|.).(.#
#. #.#.#...|.?[..# ...#.##...).).## Turn 51486 on Vaults:5: huh
#..#..##.###.###.###.###.## #..#)###.# #.# #.# #.# #.## #. #)###.###.###.# #.#
#.# #. #))............ ... ... # #.###..#############..# #.# #.##....)..e...##.#
#.###.#..####)####..#.## #.)...#)##.......##.#.. #)###)#@#..(.)?)..#.#. #.#
#...#.?.|.).(.#.. #.###.#.#...|.?[..#.# #.....#.##...).).##.#
#.###.#..####.####..# #^# #.##)..........## #.# #..############# #.. .... #.#
#.### Turn 51628 on Vaults:5: +10 tower shield? wew #...)#######################
#....................$...... #..#..##.###.###.###.###.##. #..#)###.# #.# #.# #.#
#.### #. #)###.###.###.# #.# #.# # #. #))............ ... ... . #
#.###..#############..# # #.# #.##....e......##.# # #.###.#.@####)####..#.##
#.)...#)##.......##.#.. #)###)#.#..(.)?)..#.#. #.# #...#.?.|.).(.#..
#.###.#.#...|.?[..#.# #.....#.##...).).##.# #.###.#..####.####..# #^#
#.##)..........## #.# #..############# Turn 51630 on Vaults:5: oh look it has
rpois #......## . #.......## #.......)## #........)## #..........####
#.......[)###[## #........###...## .#.......###)=[.|## .#......###.....@.#
.#.....###.........# .#....###...........# .#...###.............#
.#..###...............# .#.)##.).........^.....# ........................
...##################### ........... Turn 52200 on Vaults:5: oh there IS
polymorph in the game # #.. ##. ... ## #.. #.. .. .## #... #.# .# ..## #...
#.####.# ...## #....##..##..# ...)# .#....#......## ................#####
#######.s......################## ......$..@)..)).[)(...(...
.........)...)..)......... ########################## Turn 52904 on Vaults:5:
that's a lot of titans #............. #............. #...)##############
#......)).......... #..#).##........... #..#.÷###.......... #..#...###.........
#..#..))###........ #.@#.....###....... #)[#......###...... #..#.......###...:.
#).#.......)###...# #.)#........)###.## #..#..........##### #..#.......[)###[##
#..#........###...# #..#.......###)=[.| Turn 53334 on Vaults:5: oh look rPois
########.####### **,,,*, ########.####### **,,,* #######..####### **,,,
#######..####### **,, #######..####### **,,, #######<.####### *,,,,
#######..####### *,,,, #######..####### **,,, #######..@###### **,,
#######...###### **,,, #######...###### **,,,* *#######...######*****,,,*,
*....###...####..,,,*^,,,,* *,....##...##....,,,**^,*,,
*,,,,,*#..##*,,,,,,,,****** **,,,,,*#..***,,,,******,***
*,,,,,,,,,,,,,,,,,,,,,,,,,,, Turn 59305 on Zot:3: the fuck is this vault
*,,,,,,,,,,,,,,,,,,,^,,,, *▓..............,,,,,,,^* ▓▓.............,,,,,,***
▓▓▓............,,,**** ▓▓▓▓.X..^##▓▓▓▓******** ▓##d..XX.......,,,,,,,**
##......^....[.,,,**,,,, *#q..d../.......,,,,***,, *.......@.....L.,,,,,***,
*d...d.....^....,,,,,* ** *.X.....^/.....^,,,,,* * *.........^.....,,,,^* *
*...............,,,,,* *...$...........,,,,,* * *#..............,,,,** *
##........^....,,,** ** **,,,,,,,,,,,,,,** *, Turn 60798 on Zot:5: oh uh
#.......##.#...#....#####.....##. .........+)).###.....##.....#####
........)#.....#.#....#.........# .........'.)..#..##.......###....
#.......##'####...#......###....# ##.[...##...##..#####....).##...#
##...##.....##....####.....##..' #####.......##..##..##...).#.##
#.........'@..#.#.###...†.## #.^.......###.......##....##
#.......÷.##....###..##..... ##.......####.....#.........
##.....######......#.###..# ##...########...#.#.,**### ###################**
################ Turn 62399 on Zot:5: a tiny bit too many *#....>.,,,,,,,,,
##.....,,,,,,,,,,, ##...#************* ##...#* ##...## ##...## ##..)## ##..[..##
############ ##[.[#..@## ##........... *#...###)..###.....?...... *#..)##
##...#.†.#####..### *#...#* ##.....## #..# *#...#* ##...## #..# *#...#*
##...########..## **...#* *#...#########..## *,..#* *#...#.########..### *,.#*
*#...###.#####....... Turn 62684 on Zot:4: 10 ......# ##..*..*...d...## *,,,,,,
^.....# #^..^(........# *,,,,,, .....^# ##...........## *,,,,,, ......#
#...........# *,,,,,, ......# ##...........## *,,,,,, .....## #.............#
**,,,^, .,,,** ##.............## **,,,, .,,** #....^..........# **,,, #***
########@########▓▓▓▓#### # #....#.....#.#.#.. # ### #..........#.#.#^# # ##.##
#...##.#.......... ### ##...## ##....###.....##..# #.## #.....#
#.^...#.###....<..' #..####.))## ##...###...........# ......##)##
##.....#####.##...... ...[))##)####.......#......###### Turn 63346 on Zot:5: ok
so that should be 9 out of 10 orbs dead ▓ ▓▓................... ▓ *▓▓▓▓▓▓▓*
▓.................... ▓*▓.......▓▓▓.......^............
▓▓...^.....▓▓.......^.........(.. ▓........^..▓....................
......0.^............)........... ▓.....^.....▓....................
▓*.........▓▓.................... ▓**..^....▓▓▓...@...........^..^. # *▓▓▓▓▓▓▓*
#.................... # ##................... ##▓.^...............
▓▓▓▓.......^...... #▓▓▓▓▓▓▓▓▓▓▓##..... # ###.......^.........^ ##
##....##..^........... .###########...###............... Turn 64113 on Zot:5: no
rC

Levels and vault maps discovered:
D:1:      saegor_arrival_miasma, layout_basic
D:2:      layout_basic, minmay_pentomino_w4
D:3:      layout_basic, okawaru_metal_pillars_1_2
D:4:      layout_gridville, nicolae_overflow_hidden_temple,
          minmay_temple_entry_antechambers, serial_shops, nicolae_stop_n_shop_2,
          portal_sewer_entry_e
D:5:      layout_basic, uniq_crazy_yiuf_cottage
D:6:      layout_basic
D:7:      layout_cave_pods, yredelemnul_altar_generic,
          chequers_serial_rivers_marsh, serial_park_tiny_2,
          kennysheep_generic_room_16, uniq_duvessa, uniq_menkaure
D:8:      layout_basic, mainiacjoe_overflow_alcove_4, minmay_circle_x
D:9:      layout_gridville, orc_0_dummy
D:10:     layout_loops_cross, chequers_temple_overflow_statue_of_worship,
          minmay_lair_entry_grove, uniq_grum
D:11:     layout_loops_ring
D:12:     layout_basic, roderic_lattice_a, uniq_maurice, uniq_kirke
D:13:     minmay_the_grid_triangle_9x9_rhombus_full
          [minmay_the_grid_triangle_9x9_corrupted_corridor,
          minmay_the_grid_triangle_9x9_steps,
          minmay_the_grid_triangle_9x9_descending_squares,
          minmay_the_grid_triangle_9x9_from_above,
          minmay_the_grid_triangle_9x9_zippers_vertical,
          minmay_the_grid_triangle_9x9_impossible_snake,
          minmay_the_grid_triangle_9x9_wacky_v,
          minmay_the_grid_triangle_9x9_prize_schism], layout_gridville,
          gauntlet_entry_generic
D:14:     kennysheep_scales, layout_loops_corners,
          lightli_vaults_fourway_checkpoint, nrook_mini_vaults, serial_shops,
          shop, serial_glass, glass_columns_b, glass_columns_b, glass_columns_b,
          glass_columns_c, hangedman_decor_lopped
D:15:     grunt_enter_depths_magical_seal, layout_rooms, minmay_splitting_lines
Lair:1:   layout_layer_cave, basic_altar, portal_ice_cave_entry_imps,
          grunt_megastairs_3, uniq_maggie
Lair:2:   layout_concentric_octagons, gammafunk_ghost_necromancy
Lair:3:   hellmonk_ruined_rings, layout_gridlike,
          mainiacjoe_swamp_entry_angry_trees, spider_nest_entry_web_field,
          uniq_josephine
Lair:4:   layout_loops_ring, grunt_megastairs_4
Lair:5:   hangedman_lair_caniforms_friends, layout_cave_pods,
          hangedman_lair_in_review, slime_entry_2, enter_volcano_4,
          lemuel_fruit_tree
Swamp:1:  layout_basic_swamp, evilmike_swamp_ruin_house_5,
          nicolae_swamp_drake_lake, uniq_donald
Swamp:2:  layout_basic_swamp, evilmike_swamp_ruin_house_3,
          infiniplex_staircase_pool_2
Swamp:3:  layout_falls_marsh, evilmike_swamp_ruin_house_1
Swamp:4:  nzn_swamp_witches_coven, layout_basic_swamp,
          ebering_ghost_reflecting_pool, uniq_nikola
Spider:1: layout_cave_pods, drop_trap, guppyfry_hornet_nest, uniq_asterion,
          uniq_agnes
Spider:2: layout_spider_delve
Spider:3: nicolae_spider_hilbert_zone_1 [nicolae_spider_hilbert_4_sides_1_open,
          nicolae_spider_hilbert_4_sides_1_open,
          nicolae_spider_hilbert_4_sides_1_open,
          nicolae_spider_hilbert_4_sides_1_open,
          nicolae_spider_hilbert_3_sides_1_open,
          nicolae_spider_hilbert_3_sides_1_open,
          nicolae_spider_hilbert_3_sides_1_open,
          nicolae_spider_hilbert_3_sides_1_open,
          nicolae_spider_hilbert_3_sides_1_open,
          nicolae_spider_hilbert_6_sides_1_open,
          nicolae_spider_hilbert_6_sides_1_open,
          nicolae_spider_hilbert_3_sides_1_open,
          nicolae_spider_hilbert_3_sides_1_open,
          nicolae_spider_hilbert_3_sides_1_open,
          nicolae_spider_hilbert_3_sides_1_open,
          nicolae_spider_hilbert_2_sides_1_open], gammafunk_ghost_cemetery
Spider:4: spider_rune_water
Orc:1:    layout_diamond_mine, uniq_nergalle, uniq_erica, uniq_jorgrun
Orc:2:    kennysheep_orc_mage_school, layout_caves
Elf:1:    layout_gridlike, basic_altar, hangedman_corner_corridor, minivault_15,
          nicolae_letterblocks [nicolae_letter_subblock,
          nicolae_letter_subblock, nicolae_letter_subblock,
          nicolae_letter_subblock, nicolae_letter_subblock,
          nicolae_letter_subblock, nicolae_letter_subblock,
          nicolae_letter_subblock, nicolae_letter_subblock,
          nicolae_letter_subblock, nicolae_letter_subblock,
          nicolae_letter_subblock, nicolae_letter_subblock,
          nicolae_letter_subblock, nicolae_letter_subblock,
          nicolae_letter_subblock, nicolae_letter_subblock,
          nicolae_letter_subblock, nicolae_letter_subblock,
          nicolae_letter_subblock, nicolae_letter_subblock,
          nicolae_letter_subblock, nicolae_letter_subblock,
          nicolae_letter_subblock, nicolae_letter_subblock], uniq_louise
Elf:2:    elven_hall_of_blades_hangedman_alternative
          [nicolae_blade_entry_area_security], layout_geoelf_grid, serial_shops,
          nicolae_shop_drivethru, shop_statue,
          nicolae_shop_tiny_real_fake_doors, shop, serial_aquarium,
          aquarium_bridge_straight [aquarium_subvault_bridge,
          aquarium_subvault_wall, aquarium_subvault_bridge,
          aquarium_subvault_window], aquarium_window_double, aquarium_window_1,
          aquarium_window_double, aquarium_view_2b, aquarium_view_2a,
          aquarium_balcony_5b
Elf:3:    minmay_elf_hall_four_x, layout_geoelf_grid, uniq_boris
Vaults:1: portal_desolation_entry_garden, v_misc_8,
          nicolae_vaults_windows_and_doors_thing, v_rooms_2,
          nicolae_vaults_taking_the_gang_shopping, vaults_room_pool,
          nicolae_vaults_weapon_check, nicolae_vaults_three_branches, v_misc_28,
          nicolae_vaults_tangram_2, nicolae_vaults_little_squares_3,
          ontoclasm_vaults_claustrophobia, layout_vaults_ring
Vaults:2: nicolae_vaults_network_periphery, v_alt_pattern_1,
          nicolae_vaults_ninety_degrees, v_rooms_4, grunt_vaults_funnel,
          v_pattern_2, nicolae_vaults_lightning_bolt, ontoclasm_vaults_chip,
          vaults_room_grid, serial_ice_b, nicolae_vaults_ring_of_whatevers,
          vaults_dpeg_ring, layout_vaults_maze_snakey,
          minmay_crypt_entry_nasty_monster, uniq_xtahua
Vaults:3: vaults_dpeg_diagonal, vaults_standard_mumra_x,
          ontoclasm_vaults_shuriken, v_alt_pattern_5, hangedman_vaults_snaps,
          vaults_room_pool, nicolae_vaults_trapezoid_1, v_pattern_1,
          vaults_mumra_minichess_inversion, layout_vaults_quadrants,
          serial_shops, shop, uniq_margery
Vaults:4: nicolae_vaults_gold_heap, nicolae_vaults_mush_room, v_misc_3,
          nicolae_vaults_trapezoid_3, vaults_room_fancy_cross,
          nicolae_vaults_wrenched, nicolae_vaults_circle_grid_b, v_pattern_5,
          layout_vaults_big_room, serial_shops, shop_fountains, uniq_frederick,
          uniq_jory
Vaults:5: uniq_mara
Crypt:1:  layout_catacombs, nicolae_crypt_stairsoleum
Crypt:2:  layout_chaotic_city, minivault_25
Crypt:3:  due_elkab, layout_chaotic_city, hangedman_blasphemy
Depths:1: evilmike_library_of_no_secrets, layout_gridville, enter_ziggurat_b,
          abyss_entry, hell_entry, kennysheep_big_empty_room,
          minmay_pinched_square, uniq_enchantress
Depths:2: kennysheep_bubbly, layout_basic, rand_demon_pan_entry_4,
          hangedman_coc_ice_floe, serial_bayou_shore_b,
          infiniplex_staircase_door_maze, uniq_bai_suzhen
Depths:3: minmay_cut_squares, layout_cave_shapes, cheibriados_altar_1,
          ebering_ghost_xom, abyss_entry, pf_hell_entry_tar_spiral
Depths:4: grunt_zot_entry_gee_three, layout_gridlike, hell_entry,
          rand_demon_pan_entry_9, abyss_entry_small_statue_room
Zot:1:    layout_cellular_growth
Zot:2:    grunt_deathspiral_small, layout_concentric_octagons,
          hangedman_zot_gyre, uniq_grunn, uniq_josephina
Zot:3:    layout_misc_corridors, regret_index_zotdec_gossamer_gf,
          hangedman_spider_trapstep
Zot:4:    layout_concentric_octagons, regret_index_zotdec_wing_it
Zot:5:    layout_twisted_circle

Skill      XL: |  1  2  3  4  5  6  7  8  9 10 11 12 13 14 15 16 17 18 19 20 21 22 23 24 25 26 27 |
---------------+----------------------------------------------------------------------------------+-----
Fighting       | 2 3 4 5 7 8 9 10 11 13 14 15 16 17 18 19 20 21 22 | 22.6
Axes           | 4 5 6 7 8 9 10 11 12 13 15 16 17 18 19 20 | 20.6
Invocations    | 3 4 7 9 11 | 11.0
Dodging        | 4 6 8 9 10 11 12 | 12.0
Evocations     | 4 7 9 10 11 14 16 17 19 20 21 22 23 | 23.7
Armour         | 4 5 7 8 10 11 12 | 12.0
Throwing       | 2 4 7 8 9 11 12 13 14 15 | 15.9
Translocations | 1 6 8 11 12 13 14 18 | 18.0
Spellcasting   | 4 5 6 13 | 13.0
Air Magic      | 3 7 8 |  8.0
Earth Magic    | 6 7 8 |  8.0
Hexes          | 4 9 |  9.1

Action                     |  1- 3 |  4- 6 |  7- 9 | 10-12 | 13-15 | 16-18 | 19-21 | 22-24 | 25-27 || total
---------------------------+-------+-------+-------+-------+-------+-------+-------+-------+-------++-------
  Melee: Hand axe          |    60 |   128 |   205 |    40 |   555 |       |       |       |       ||   988
         Spear             |    41 |     9 |       |       |       |       |       |       |       ||    50
         Flail             |       |   123 |   139 |       |       |       |       |       |       ||   262
         War axe           |       |       |    72 |   651 |   202 |    19 |       |       |       ||   944
         Broad axe         |       |       |       |    95 |   823 |  1692 |  1889 |  2124 |  3114 ||  9737
  Throw: Boomerang         |       |       |       |    10 |    11 |    56 |    95 |    30 |    90 ||   292
         Dart              |       |       |       |     1 |       |     2 |       |     3 |       ||     6
         Javelin           |       |       |       |       |       |     8 |       |       |    27 ||    35
   Cast: Manifold Assault  |       |       |       |       |       |       |       |    37 |   143 ||   180
         Lesser Beckoning  |       |       |       |       |       |       |       |    14 |    13 ||    27
         Apportation       |       |       |       |       |       |       |       |       |    25 ||    25
         Passwall          |       |       |       |       |       |       |       |       |     7 ||     7
         Blink             |       |       |       |       |       |       |       |       |     2 ||     2
         Dispersal         |       |       |       |       |       |       |       |       |     2 ||     2
         Passage of Golubr |       |       |       |       |       |       |       |       |     1 ||     1
         Vhi's Electric Ch |       |       |       |       |       |       |       |       |     1 ||     1
 Invoke: Heroism           |       |       |     5 |    12 |     4 |     8 |     8 |    13 |    18 ||    68
         Finesse           |       |       |       |     1 |     1 |     2 |     2 |     1 |     4 ||    11
         Receive Weapon    |       |       |       |     1 |       |       |       |       |       ||     1
         Receive Armour    |       |       |       |     1 |       |       |       |       |       ||     1
         Duel              |       |       |       |       |       |     2 |       |       |       ||     2
  Evoke: Wand              |       |       |    11 |    12 |     1 |     5 |    10 |     9 |    30 ||    78
         Lightning rod     |       |       |       |       |       |       |       |     4 |       ||     4
         Condenser vane    |       |       |       |       |       |       |       |     2 |     1 ||     3
         Phial of floods   |       |       |       |       |       |       |       |       |     1 ||     1
    Use: Potion            |       |     4 |     1 |     4 |       |     9 |       |     7 |    31 ||    56
         Scroll            |       |     6 |     3 |    10 |     9 |    16 |     2 |     6 |    30 ||    82
   Stab: Sleeping          |       |     1 |       |       |       |       |       |     1 |     1 ||     3
         Paralysed         |       |       |       |     5 |       |       |    16 |     2 |     5 ||    28
         Distracted        |       |       |       |       |       |     1 |     2 |       |     2 ||     5
 Armour: Ring mail         |    40 |    31 |       |       |       |       |       |       |       ||    71
         Leather armour    |       |    50 |   118 |    55 |       |       |       |       |       ||   223
         Skin              |       |       |     3 |     4 |       |       |       |       |       ||     7
         Chain mail        |       |       |       |   257 |   602 |   649 |   706 |   771 |   590 ||  3575
         Shadow dragon sca |       |       |       |       |       |       |       |       |   415 ||   415
  Dodge: Dodged            |    26 |    80 |    95 |   192 |   283 |   559 |   636 |   591 |   911 ||  3373

Table legend: (Time is in decaauts)
 A = Elapsed time spent in this place.
 B = Non-inter-level travel time spent in this place.
 C = Inter-level travel time spent in this place.
 D = Time resting spent in this place.
 E = Time spent auto-exploring this place.
 F = Levels seen in this place.
 G = Mean time per level.
                   A        B        C        D        E       F      G
               +--------+--------+--------+--------+--------+-----+--------+
         Total |  63143 |  53955 |   9188 |  19446 |     11 |  56 | 1127.6 |
       Dungeon |  15060 |  11466 |   3594 |   2377 |     11 |  15 | 1004.0 |
          Lair |   5360 |   3760 |   1600 |    662 |      0 |   5 | 1072.0 |
         Swamp |   4409 |   4036 |    373 |   2059 |      0 |   4 | 1102.2 |
   Spider Nest |   4785 |   4381 |    404 |   1361 |      0 |   4 | 1196.2 |
  Orcish Mines |   1871 |   1459 |    412 |    394 |      0 |   2 |  935.5 |
   Elven Halls |   4035 |   3691 |    344 |   1180 |      0 |   3 | 1345.0 |
        Vaults |   9698 |   8075 |   1623 |   3156 |      0 |   5 | 1939.6 |
         Crypt |   3056 |   2695 |    361 |    537 |      0 |   3 | 1018.7 |
        Depths |   7314 |   6897 |    417 |   3732 |      0 |   4 | 1828.5 |
           Zot |   5337 |   5282 |     55 |   3274 |      0 |   5 | 1067.4 |
         Sewer |    217 |    217 |      0 |     99 |      0 |   1 |  217.0 |
      Ice Cave |    672 |    672 |      0 |    331 |      0 |   1 |  672.0 |
    Desolation |    947 |    947 |      0 |    273 |      0 |   1 |  947.0 |
      Gauntlet |    333 |    333 |      0 |      4 |      0 |   1 |  333.0 |
         Arena |     42 |     42 |      0 |      0 |      0 |   2 |   21.0 |
               +--------+--------+--------+--------+--------+-----+--------+

Top non-repeatable levels by time:
Vaults:5: 2696 daAuts
Depths:1: 2629 daAuts
   Zot:5: 2588 daAuts
Depths:2: 2084 daAuts
Vaults:3: 2016 daAuts
Vaults:4: 1862 daAuts
    D:14: 1858 daAuts
    D:13: 1723 daAuts
   Elf:3: 1671 daAuts
 Crypt:3: 1659 daAuts
 Swamp:4: 1640 daAuts
Vaults:1: 1578 daAuts
  Lair:5: 1568 daAuts
Vaults:2: 1545 daAuts
Depths:4: 1469 daAuts
